 Dungeon Crawl Stone Soup version 0.32-a0-128-g77eb882 (webtiles) character file.

Game seed: 4451782480986297213

3449310 jagoly the Young Dragon (level 27, 208/208 HPs)
             Began as a White Draconian Delver on Feb 7, 2024.
             Was a Priest of Wu Jian.
             Escaped with the Orb
             ... and 5 runes
             ... and 1 gem (intact) on Feb 8, 2024!
             The game lasted 08:54:15 (66378 turns).

jagoly the Young Dragon (White Draconian Delver)   Turns: 66378, Time: 08:54:15

Health: 208/208    AC: 22    Str: 30    XL:     27
Magic:  44/44      EV: 29    Int: 17    God:    Wu Jian [***...]
Gold:   6280       SH: 39    Dex: 26    Spells: 23/26 levels left

rFire   + + +        b - +8 Vampire's Tooth {megavamp}
rCold   + + +        B - +8 tower shield
rNeg    + . .        (body armour unavailable)
rPois   .            O - +2 hat
rElec   +            u - +2 cloak {rF+}
rCorr   +            k - +0 pair of gloves of the Divine God {Str+6}
SInv    .            J - +2 pair of boots {Stlth+}
Will    +++..        v - amulet "Anoraenu" {Reflect +Inv Will+ Regen+ rCorr SH+5}
Stlth   +++          G - ring "Xaurer" {^Contam rElec rN+ rCorr Str+6}
HPRegen 1.34/turn    D - ring "Meamnot" {rF+ rC+ MP+9 Str+3 Int+6}
MPRegen 0.29/turn

%: reflection
@: maw-form, studying 2 skills
A: devouring maw, breathe frost, AC +13, unfitting armour, cold resistance 2,
cold-blooded, claws 1, stinger 1, talons 1, fire resistance 1, frail 2, low MP
1, sense surroundings 1
0: Orb of Zot
}: 5/15 runes: decaying, serpentine, slimy, silver, abyssal
a: Breathe Frost, Begin Untransformation, Renounce Religion, Evoke Invisibility,
Wall Jump, Serpent's Lash


You escaped.
You worshipped Wu Jian.
Wu Jian was most pleased with you.
You were a creature with a mouth for a stomach.
You visited 11 branches of the dungeon, and saw 55 of its levels.
You visited the Abyss 1 time.
You visited 1 bazaar.
You visited 1 ziggurat, and saw 13 of its levels.
You also visited: Bailey, Ice Cave, Volcano and Wizlab.

You collected 12491 gold pieces.
You spent 6211 gold pieces at shops.

Inventory:

Hand Weapons
 a - the +2 Maxwell's thermic engine {flame, freeze, rev}
   (You found it in a wizard's laboratory)
 b - the +8 Vampire's Tooth (weapon) {megavamp}
   (You bought it in a shop on level 2 of the Orcish Mines)
Missiles
 j - 3 throwing nets
 q - 27 boomerangs (quivered)
 U - 5 silver javelins
 X - 8 curare-tipped darts
Armour
 k - the +0 pair of gloves of the Divine God (worn) {Str+6}
   (You acquired it on level 5 of the Lair of Beasts)

   Str+6:     It affects your strength (+6).
 u - a +2 cloak of fire resistance (worn)
 B - a +8 tower shield (worn)
 J - a +2 pair of boots of stealth (worn)
 O - a +2 hat (worn)
Jewellery
 v - the amulet "Anoraenu" (around neck) {Reflect +Inv Will+ Regen+ rCorr SH+5}
   (You bought it in a shop on level 4 of the Snake Pit)

   [amulet of reflection]

   Reflect:   It reflects blocked missile attacks.
   Will+:     It increases your willpower.
   +Inv:      It lets you turn invisible.
   Regen+:    It increases your rate of health regeneration.
   rCorr:     It protects you from acid and corrosion.
   SH+5:      It affects your SH (+5).
 C - the ring of Yredelemnul's Hope {rElec rC+ Int+2 SInv}
   (You found it in a wizard's laboratory)

   [ring of protection from cold]

   Int+2:     It affects your intelligence (+2).
   rC+:       It protects you from cold.
   rElec:     It insulates you from electricity.
   SInv:      It lets you see invisible.
 D - the ring "Meamnot" (right hand) {rF+ rC+ MP+9 Str+3 Int+6}
   (You found it on level 3 of the Crypt)

   [ring of intelligence]

   Str+3:     It affects your strength (+3).
   Int+6:     It affects your intelligence (+6).
   rF+:       It protects you from fire.
   rC+:       It protects you from cold.
   MP+9:      It affects your magic capacity (+9).
 G - the ring "Xaurer" (left hand) {^Contam rElec rN+ rCorr Str+6}
   (You found it on level 11 of a ziggurat)

   [ring of strength]

   Str+6:     It affects your strength (+6).
   rElec:     It insulates you from electricity.
   rN+:       It protects you from negative energy.
   ^Contam:   It causes magical contamination when unequipped.
   rCorr:     It protects you from acid and corrosion.
Talismans
 L - the dragon-blood talisman of Twilight {rF++ rC+ rCorr}
   (You found it on level 8 of a ziggurat)

   [dragon-blood talisman]

   rF++:      It greatly protects you from fire.
   rC+:       It protects you from cold.
   rCorr:     It protects you from acid and corrosion.
 Z - a maw talisman (active)
Wands
 d - a wand of paralysis (45)
 h - a wand of digging (23)
 r - a wand of light (20)
 M - a wand of iceblast (51)
 N - a wand of mindburst (74)
Scrolls
 c - 17 scrolls of teleportation
 f - 3 scrolls of revelation
 l - 7 scrolls of fog
 o - 5 scrolls of fear
 t - 3 scrolls of silence
 y - 2 scrolls of butterflies
 E - 11 scrolls of poison
 F - 5 scrolls of immolation
 I - 13 scrolls of vulnerability
 T - 7 scrolls of blinking
 W - a scroll of enchant armour
Potions
 e - a potion of haste
 g - 17 potions of curing
 n - 6 potions of heal wounds
 s - 2 potions of cancellation
 z - 10 potions of enlightenment
 A - 17 potions of magic
 H - 7 potions of ambrosia
 K - 2 potions of resistance
 R - 6 potions of invisibility
 V - 3 potions of might
 Y - 4 potions of mutation
Miscellaneous
 i - a box of beasts
 w - a tin of tremorstones (2/2)
 x - a phantom mirror
 P - a lightning rod (4/4)
 Q - a phial of floods


   Skills:
 - Level 24.0 Fighting
 - Level 9.7(14.0) Short Blades
 - Level 16.0(17.0) Long Blades
 + Level 13.7 Throwing
 - Level 18.0 Dodging
 - Level 16.0 Stealth
 - Level 22.0 Shields
 - Level 8.0 Translocations
 - Level 24.1 Invocations
 - Level 18.0 Evocations
 - Level 10.0 Shapeshifting


You had 23 spell levels left.
You knew the following spells:

 Your Spells              Type           Power      Damage    Failure   Level
q - Apportation           Tloc           54%        N/A       1%          1
B - Blink                 Tloc           54%        N/A       1%          2

Your spell library contained the following spells:

 Spells                   Type           Power      Damage    Failure   Level
 Lesser Beckoning         Tloc           54%        N/A       1%          2
 Gell's Gravitas          Tloc           27%        N/A       3%          3
 Teleport Other           Tloc           27%        N/A       3%          3
 Manifold Assault         Tloc           27%        N/A       12%         4
 Volatile Blastmotes      Fire/Tloc      26%        2d12      19%         3
 Foxfire                  Conj/Fire      0%         2x1d4     30%         1
 Freeze                   Ice            0%         1d3       30%         1
 Magic Dart               Conj           0%         1d3       30%         1
 Shock                    Conj/Air       0%         1d3       30%         1
 Slow                     Hex            0%         N/A       30%         1
 Sting                    Conj/Alch      0%         1d3       30%         1
 Summon Small Mammal      Summ           0%         N/A       30%         1
 Call Imp                 Summ           0%         N/A       43%         2
 Cigotuvi's Dreadful Rot  Necr/Alch/Air  0%         N/A       43%         2
 Ensorcelled Hibernation  Hex/Ice        0%         N/A       43%         2
 Jinxbite                 Hex            0%         N/A       43%         2
 Mercury Vapours          Alch/Air       0%         N/A       43%         2
 Scorch                   Fire           0%         2d5       43%         2
 Searing Ray              Conj           0%         2d4       43%         2
 Static Discharge         Conj/Air       0%         3-3/arc   43%         2
 Sublimation of Blood     Necr           0%         N/A       43%         2
 Dimensional Bullseye     Hex/Tloc       6%         N/A       52%         4
 Iskenderun's Mystic Bla  Conj/Tloc      13%        2d5       52%         4
 Call Canine Familiar     Summ           0%         N/A       67%         3
 Confusing Touch          Hex            0%         N/A       67%         3
 Dazzling Flash           Conj/Hex       0%         N/A       67%         3
 Frozen Ramparts          Ice            0%         1d1       67%         3
 Fugue of the Fallen      Necr           0%         N/A       67%         3
 Hailstorm                Conj/Ice       0%         3d5       67%         3
 Inner Flame              Hex/Fire       0%         N/A       67%         3
 Mephitic Cloud           Conj/Alch/Air  0%         N/A       67%         3
 Ozocubu's Armour         Ice            0%         N/A       67%         3
 Passwall                 Erth           0%         N/A       67%         3
 Sigil of Binding         Hex            0%         N/A       67%         3
 Stone Arrow              Conj/Erth      0%         3d7       67%         3
 Summon Ice Beast         Ice/Summ       0%         N/A       67%         3
 Swiftness                Air            0%         N/A       67%         3
 Tukima's Dance           Hex            0%         N/A       67%         3
 Vampiric Draining        Necr           0%         2d6       67%         3
 Summon Forest            Summ/Tloc      6%         N/A       86%         5
 Dispersal                Tloc           13%        N/A       87%         6
 Airstrike                Air            0%         2d(0-16)  97%         4
 Anguish                  Hex/Necr       0%         N/A       97%         4
 Animate Dead             Necr           0%         N/A       97%         4
 Brom's Barrelling Bould  Conj/Erth      0%         2d3       97%         4
 Flame Wave               Conj/Fire      0%         2d4       97%         4
 Fulminant Prism          Conj/Alch      0%         3d5       97%         4
 Ignite Poison            Fire/Alch      0%         N/A       97%         4
 Martyr's Knell           Necr/Summ      0%         N/A       97%         4
 Olgreb's Toxic Radiance  Alch           0%         N/A       97%         4
 Sticky Flame             Fire/Alch      0%         2d4       97%         4
 Summon Blazeheart Golem  Fire/Summ      0%         N/A       97%         4
 Summon Lightning Spire   Summ/Air       0%         N/A       97%         4
 Alistair's Intoxication  Alch           0%         N/A       100%        5
 Borgnjor's Vile Clutch   Necr/Erth      0%         N/A       100%        5
 Curse of Agony           Necr           0%         N/A       100%        5
 Fireball                 Conj/Fire      0%         3d3       100%        5
 Freezing Cloud           Conj/Ice/Air   0%         6-21      100%        5
 Irradiate                Conj/Alch      0%         3d11      100%        5
 Iskenderun's Battlesphe  Conj           0%         2d6       100%        5
 Metabolic Englaciation   Hex/Ice        0%         N/A       100%        5
 Silence                  Hex/Air        0%         N/A       100%        5
 Bombard                  Conj/Erth      0%         9d1       100%        6
 Conjure Ball Lightning   Conj/Air       0%         3x3d6     100%        6
 Eringya's Noxious Bog    Alch           0%         4d6       100%        6
 Plasma Beam              Fire/Air       0%         2x1d10    100%        6
 Sculpt Simulacrum        Ice/Alch       0%         N/A       100%        6
 Starburst                Conj/Fire      0%         6d3       100%        6
 Summon Cactus Giant      Summ           0%         N/A       100%        6
 Enfeeble                 Hex            0%         N/A       100%        7
 Haunt                    Necr/Summ      0%         N/A       100%        7
 Orb of Destruction       Conj           0%         9d5       100%        7
 Ozocubu's Refrigeration  Ice            0%         4d7       100%        7
 Spellforged Servitor     Conj/Summ      0%         N/A       100%        7
 Summon Hydra             Summ           0%         N/A       100%        7
 Borgnjor's Revivificati  Necr           0%         N/A       100%        8
 Infestation              Necr           0%         N/A       100%        8
 Death's Door             Necr           0%         N/A       100%        9
 Polar Vortex             Ice            0%         N/A       100%        9
 Animate Armour           Summ/Erth      Unusable   N/A       N/A         4

Dungeon Overview and Level Annotations

Branches:
Dungeon (15/15)            Temple (0/1) D:7            Lair (5/5) D:11
  Swamp (4/4) Lair:2        Snake (4/4) Lair:2        Slime (5/5) Lair:5
    Orc (2/2) D:9             Elf (3/3) Orc:2        Vaults (5/5) D:14
  Crypt (3/3) Vaults:2       Tomb (0/3) Crypt:3      Depths (4/4) D:15
    Zot (5/5) Depths:4     Bailey (visited)           IceCv (visited)
Volcano (visited)          WizLab (visited)

Altars:
Dithmenos
Fedhas
Gozag
Hepliaklqana
Kikubaaqudgha
Makhleb
Nemelex Xobeh
Sif Muna
Trog
Wu Jian
Xom
Zin
The Shining One
Jiyva
Lugonu

Shops:
D:1 :=(   D:2 :   D:10 [(!   Orc:2 :(([*   Elf:3 [   Snake:1 =!!   Snake:4 :=:
Vaults:5 *   Depths:1 *   Depths:2 [:?   Depths:4 :

Portals:
Hell: Depths:1 Depths:2 Depths:3 Depths:4
Abyss: Lair:5 Depths:2 Depths:3
Pandemonium: Depths:2 Depths:3

Annotations:
Elf:2 3 runed translucent doors
Crypt:2 2 transporters, exclusions: obsidian statue and orange crystal statue, Teduw's ghost, veteran MiGl; yalue's ghost, adept MiFi
Zot:5 1 exclusion


Innate Abilities, Weirdness & Mutations

You are a creature with a mouth for a stomach.
Your midsection houses a second, enormous mouth.
You can breathe waves of freezing cold which knock back foes.
Your icy white scales are hard. (AC +13)
You cannot fit into any form of body armour.
Your flesh is very cold resistant. (rC++)
You are cold-blooded and may be slowed by cold attacks.
You have sharp fingernails.
Your tail ends in a venomous barb.
You have sharp toenails.
Your flesh is heat resistant. (rF+)
You are very frail. (-20% HP)
Your magical capacity is low. (-10% MP)
You passively map a small area around you.


Message History

Lugegh is lightly wounded.
You are engulfed in seething chaos.
You block Lugegh's attack.
You hit Lugegh. You freeze Lugegh.
Your tail-slap misses Lugegh.
Lugegh is lightly wounded.
You are engulfed in seething chaos.
You block Lugegh's attack.
You closely miss Lugegh. You tail-slap Lugegh, but do no damage.
Your bite misses Lugegh.
Lugegh is lightly wounded.
You are engulfed in seething chaos.
You feel yourself speed up. Lugegh completely misses you.
You hit Lugegh but do no damage. You freeze Lugegh. You tail-slap Lugegh.
You bite Lugegh, but do no damage.
Lugegh is lightly wounded.
You are engulfed in seething chaos.
You block Lugegh's attack.
You hit Lugegh. You freeze Lugegh. You tail-slap Lugegh, but do no damage.
You bite Lugegh, but do no damage.
Lugegh is lightly wounded.
You are engulfed in seething chaos.
You suddenly lose the ability to move!
Lugegh hits you!! Lugegh freezes you.
You are engulfed in seething chaos.
Lugegh hits you but does no damage.
You can move again.
As you read the scroll of teleportation, it crumbles to dust.
You feel strangely unstable.
You feel the Orb delaying your translocation!
You block Lugegh's attack.
Cast which spell? (? or * to list)
You blink.
There is an open door here.
You feel ready to blink again.
There is an open door here.
Lugegh attacks as it pursues you! Lugegh hits you!!
You are poisoned.
Aiming: Breathe Frost (1% risk of failure)
Press: ? - help, Shift-Dir - straight line, f - Lugegh
Aim: Lugegh, armed with a chaotic touch (lightly wounded, surrounded by chaotic energy, 67% to hit)
You exhale a wave of freezing cold.
The freezing breath misses Lugegh.
You are engulfed in seething chaos.
You are confused.
You feel very sick. Lugegh hits you!
You feel your power leaking away.
You feel better.
You are engulfed in seething chaos.
You are confused.
Lugegh hits you!
You feel your power leaking away.
You feel better.
You are engulfed in seething chaos.
You feel your attacks grow feeble.
Your surroundings suddenly seem different.
You have got your breath back.
Your extra speed is starting to run out.
A Brimstone Fiend comes into view.
You feel yourself slow down.
There is a stone staircase leading up here.
Aiming: Breathe Frost (1% risk of failure)
Press: ? - help, Shift-Dir - straight line, f - Brimstone Fiend
Aim: a Brimstone Fiend (89% to hit)
You exhale a wave of freezing cold.
The freezing breath hits the Brimstone Fiend!!
The Brimstone Fiend is frozen!
The Brimstone Fiend is moderately wounded.
The Brimstone Fiend is knocked back by the freezing wind.
The freezing breath hits the Brimstone Fiend!!!
The Brimstone Fiend is frozen!
The Brimstone Fiend is severely wounded.
The Brimstone Fiend is knocked back by the freezing wind.
You climb upwards.
There is a stone staircase leading down here.
What level of the Dungeon? (default 15, ? - help)
You have got your breath back.
Your attacks no longer feel as feeble.
Magic restored.
Things that are here:
a +0 kite shield; a +0 cloak; a +0 broad axe A balrug and 3 sun demons come into view.
The balrug is wielding a +2 demon whip of freezing.
There is a gate leading back out of this place here.
The sun demon shouts!
You go up through the gate.
Welcome back to the Depths!
There is a gate to the Realm of Zot here.
What level of the Dungeon? (default 1, ? - help) HP restored.
You see here a +0 glaive.
A toenail golem comes into view.
No target in view!
No target in view!
The toenail golem hits you.
You hit the toenail golem. You tail-slap the toenail golem.
You bite the toenail golem!
The toenail golem is moderately damaged.
You slash the toenail golem! You burn the toenail golem.
You freeze the toenail golem.
You tail-slap the toenail golem, but do no damage.
You bite the toenail golem.
The toenail golem is severely damaged.
You block the toenail golem's attack.
You hit the toenail golem. You burn the toenail golem.
You bite the toenail golem.
The toenail golem is almost destroyed.
You block the toenail golem's attack.
You slice the toenail golem!!
You destroy the toenail golem!
The Council accepts your kill.
No target in view!
What level of the Dungeon? (default 1, ? - help)
A shadow demon comes into view.
The shadow demon gestures.
There is a stone staircase leading up here.
The tengu conjurer shouts!
The tengu warrior unwields a +1 great sword of holy wrath.
It stops glowing.
The tengu warrior wields a +0 arbalest.
The tengu warrior shoots a bolt.
You block the bolt with an invisible shield... and reflect it back!
The bolt misses the tengu warrior.
The bolt completely misses the shadow demon.
The bolt hits the purple very ugly thing!
You climb upwards.
There is a stone staircase leading down here.
What level of the Dungeon? (default 1, ? - help)
Items here: " ) [ ÷.
A glowing orange brain comes into view.
You lunge at the glowing orange brain.
You chop the glowing orange brain into pieces!!!
You burn the glowing orange brain. You freeze the glowing orange brain.
You tail-slap the glowing orange brain! You bite the glowing orange brain.
You kill the glowing orange brain!
The Council accepts your kill.
No target in view!
What level of the Dungeon? (default 1, ? - help)
There is a stone staircase leading up here.
You climb upwards.
There is a stone staircase leading down here.
A blizzard demon comes into view.
The blizzard demon shouts!
The blizzard demon gestures at you. The freezing blast misses you.
There is an open door here.
No reachable target in view!
No reachable target in view!
You are engulfed in freezing vapours.
You resist.
You lunge at the blizzard demon, in a flurry of attacks.
You closely miss the blizzard demon. You tail-slap the blizzard demon.
You bite the blizzard demon!!
The blizzard demon is heavily wounded.
You slice the blizzard demon like a ripe choko!!!
You burn the blizzard demon!!
You kill the blizzard demon!
The Council accepts your kill.
No target in view!
No target in view!
What level of the Dungeon? (default 1, ? - help)
You see here +0 ice dragon scales.
There is an open door here.
There is a stone staircase leading up here.
You climb upwards.
There is a stone staircase leading down here.
You see here a +0 long sword.
A cherub comes into view. It is wielding a +1 flail of flaming.
The cherub's human head shouts!
The cherub unwields a +1 flail of flaming.
It stops flaming.
The cherub wields a +0 shortbow.
The cherub shoots an arrow.
You block the arrow with an invisible shield... and reflect it back!
The arrow hits the cherub.
A toenail golem comes into view.
There is an open door here.
The toenail golem moves out of view.
You lunge at the cherub.
You closely miss the cherub.
Your tail-slap misses the cherub.
Your bite misses the cherub.
The cherub is lightly wounded.
The cherub unwields a +0 shortbow.
The cherub wields a +1 flail of flaming.
It bursts into flame!
You block the cherub's attack. x2
You closely miss the cherub.
Your tail-slap misses the cherub.
Your bite misses the cherub.
The cherub is lightly wounded.
You block the cherub's attack. x2
You miss the cherub.
You tail-slap the cherub, but do no damage.
You bite the cherub!
The cherub is lightly wounded.
The cherub hits you with a +1 flail of flaming.
You block the cherub's attack.
You slash the cherub! You burn the cherub. You freeze the cherub.
You tail-slap the cherub, but do no damage.
The cherub is heavily wounded.
You slice the cherub like a ripe choko!!!
You burn the cherub!
You kill the cherub!
The Council accepts your kill. You block the toenail golem's attack.
You hit the toenail golem but do no damage.
You tail-slap the toenail golem.
The toenail golem is lightly damaged.
You block the toenail golem's attack.
You barely miss the toenail golem. You tail-slap the toenail golem.
The toenail golem is lightly damaged.
You block the toenail golem's attack.
You slash the toenail golem! You bite the toenail golem.
The toenail golem is moderately damaged.
You block the toenail golem's attack.
You hit the toenail golem. You burn the toenail golem.
You bite the toenail golem, but do no damage.
The toenail golem is heavily damaged.
You hit the toenail golem but do no damage.
You tail-slap the toenail golem. Your bite misses the toenail golem.
The toenail golem is heavily damaged.
You block the toenail golem's attack.
You slice the toenail golem!! You burn the toenail golem.
You destroy the toenail golem!
The Council accepts your kill.
No target in view!
What level of the Dungeon? (default 1, ? - help)
There is an open door here.
Things that are here:
a +0 robe; a +1 flail of flaming; a +0 shortbow
There is an open door here.
There is an open door here.
An Orb Guardian comes into view.
There is a staircase back to the Dungeon here.
You climb upwards.
Welcome back to the Dungeon!
There is a staircase to the Depths here.
What level of the Dungeon? (default 1, ? - help)
There is an open door here.
There is an open door here.
Things that are here:
a +0 robe; a +0 dagger; a human skeleton
There is a stone staircase leading up here.
You climb upwards.
There is a stone staircase leading down here.
There is a stone staircase leading up here.
You climb upwards.
There is a stone staircase leading down here.
An Orb Guardian comes into view.
You lunge at the Orb Guardian.
You open the Orb Guardian like a pillowcase!!!
You burn the Orb Guardian. You freeze the Orb Guardian.
Your tail-slap misses the Orb Guardian.
The Orb Guardian is almost dead.
You block the Orb Guardian's attack.
You slash the Orb Guardian! You burn the Orb Guardian.
You freeze the Orb Guardian. You bite the Orb Guardian.
You kill the Orb Guardian!
The Council accepts your kill.
No target in view!
What level of the Dungeon? (default 1, ? - help)
You see here a +0 dire flail.
There is a stone staircase leading up here.
You climb upwards.
There is a stone staircase leading down here.
There is an open door here.
There is an open door here.
There is an open door here.
There is a stone staircase leading up here.
You climb upwards.
There is a stone staircase leading down here.
An Orb Guardian comes into view.
There is a stone staircase leading up, spattered with blood here.
You climb upwards.
There is a stone staircase leading down here.
What level of the Dungeon? (default 1, ? - help)
There is a stone staircase leading up, spattered with blood here.
You climb upwards.
There is a stone staircase leading down here.
There is a stone staircase leading up here.
You climb upwards.
There is a stone staircase leading down here.
There is an open door here.
There is an open door here.
There is an open door here.
There is a stone staircase leading up here.
You climb upwards.
There is a stone staircase leading down here.
A rust devil comes into view.
You lunge at the rust devil.
You slice the rust devil!! You freeze the rust devil. You bite the rust devil!
The rust devil is severely wounded.
You block the rust devil's attack.
You slice the rust devil!!
You kill the rust devil!
The Council accepts your kill.
No target in view!
No target in view!
What level of the Dungeon? (default 1, ? - help)
There is a stone staircase leading up here.
You climb upwards.
There is a stone staircase leading down here.
There is an open door here.
There is an open door here.
A cherub comes into view.
It is wielding a +3 scimitar of flaming.
The cherub unwields a +3 scimitar of flaming.
It stops flaming.
The cherub wields a +0 sling.
The cherub shoots a sling bullet.
You block the sling bullet with an invisible shield... and reflect it back!
The sling bullet hits the cherub!
The cherub shoots a sling bullet.
You block the sling bullet with an invisible shield... and reflect it back!
The sling bullet completely misses the cherub.
The cherub shoots a sling bullet.
The sling bullet closely misses you.
A Hell Sentinel comes into view.
The cherub shoots a sling bullet.
You block the sling bullet with an invisible shield... and reflect it back!
The sling bullet closely misses the cherub.
The cherub shoots a sling bullet.
You block the sling bullet with an invisible shield... and reflect it back!
The sling bullet closely misses the cherub.
You lunge at the Hell Sentinel, in a flurry of attacks.
You hit the Hell Sentinel.
The Hell Sentinel is lightly wounded.
You hit the Hell Sentinel but do no damage.
You tail-slap the Hell Sentinel.
You bite the Hell Sentinel, but do no damage.
The Hell Sentinel is lightly wounded.
The cherub shoots a sling bullet.
You block the sling bullet with an invisible shield... and reflect it back!
The sling bullet misses the cherub.
You slash the Hell Sentinel! You bite the Hell Sentinel.
The Hell Sentinel is lightly wounded.
The Hell Sentinel gestures at you.
You block the iron shot... and reflect it back!
The iron shot hits the Hell Sentinel!!!!
The cherub shoots a sling bullet.
You block the sling bullet with an invisible shield... and reflect it back!
The sling bullet misses the cherub.
You hit the Hell Sentinel but do no damage.
You tail-slap the Hell Sentinel, but do no damage.
The Hell Sentinel is severely wounded.
The Hell Sentinel gestures at you.
You block the iron shot... and reflect it back!
The iron shot hits the Hell Sentinel!!
The cherub shoots a sling bullet.
You block the sling bullet with an invisible shield... and reflect it back!
The sling bullet hits the cherub!
You slice the Hell Sentinel!! You bite the Hell Sentinel!
The Hell Sentinel is almost dead.
You block the Hell Sentinel's attack. x2
You slice the Hell Sentinel!!
You kill the Hell Sentinel!
The Council accepts your kill.
You lunge at the cherub, in a flurry of attacks.
The cherub blocks your attack. x2; Your bite misses the cherub.
The cherub is moderately wounded.
You slash the cherub! You burn the cherub. You freeze the cherub.
You bite the cherub!!
The cherub is severely wounded.
The cherub unwields a +0 sling.
The cherub wields a +3 scimitar of flaming.
It bursts into flame!
The cherub hits you but does no damage. You block the cherub's attack.
You slash the cherub! You burn the cherub. You freeze the cherub.
The cherub is almost dead.
You block the cherub's attack. The cherub completely misses you.
You slice the cherub!!
You kill the cherub!
The Council accepts your kill.
Items here: )) [[.
What level of the Dungeon? (default 1, ? - help)
You see here a +0 heavy hand axe.
There is a stone staircase leading up here.
You climb upwards.
There is a stone staircase leading down here.
There is a stone staircase leading up here.
You see here a jackal skeleton.
You climb upwards.
There is a stone staircase leading down here. 3 sun demons come into view.
A balrug comes into view.
It is wielding a +1 demon whip of draining.
The balrug shouts!
The sun demon shouts!
A sun demon comes into view.
The balrug gestures at you. Something smites you!
You hit the sun demon. You freeze the sun demon.
Your bite misses the sun demon.
The sun demon is lightly wounded.
The balrug gestures at you.
The bolt of fire hits the sun demon.
The sun demon completely resists.
The bolt of fire hits the sun demon.
The sun demon completely resists.
The bolt of fire hits you but does no damage.
You slice the sun demon!! You freeze the sun demon.
You tail-slap the sun demon.
The sun demon is poisoned.
You bite the sun demon!
The sun demon is almost dead.
The sun demon closely misses you. The balrug gestures at you.
Something smites you!
You hit the sun demon but do no damage. You freeze the sun demon.
You tail-slap the sun demon, but do no damage.
The sun demon is almost dead.
You block the sun demon's attack. x2
You slice the sun demon!!
You kill the sun demon!
The Council accepts your kill.
You slice the sun demon!! You freeze the sun demon.
You tail-slap the sun demon.
You bite the sun demon, but do no damage.
The sun demon is severely wounded.
You slash the sun demon! You freeze the sun demon.
You kill the sun demon!
The Council accepts your kill. You block the sun demon's attack.
You slash the sun demon! You freeze the sun demon.
You tail-slap the sun demon, but do no damage.
The sun demon is moderately wounded.
You block the sun demon's attack. x2
You slice the sun demon!! You freeze the sun demon.
You tail-slap the sun demon, but do no damage.
You bite the sun demon, but do no damage.
The sun demon is severely wounded.
The sun demon misses you. You block the sun demon's attack.
You closely miss the sun demon.
Your tail-slap misses the sun demon.
The sun demon is severely wounded.
You block the sun demon's attack. The balrug gestures at you.
The fireball explodes!
The fireball engulfs the sun demon.
The sun demon completely resists.
The fireball engulfs the balrug.
The balrug completely resists.
The fireball engulfs you! You resist.
The fireball engulfs the sun demon.
The sun demon completely resists.
You block the sun demon's attack.
A reaper comes into view. It is wielding a +2 scythe of venom.
You slice the sun demon!!
You kill the sun demon!
The Council accepts your kill. You block the sun demon's attack.
You slice the balrug!! You freeze the balrug.
You tail-slap the balrug, but do no damage.
You bite the balrug.
The balrug is heavily wounded.
You block the sun demon's attack. The balrug completely misses you.
You barely miss the balrug. Your bite misses the balrug.
The balrug is heavily wounded.
You block the sun demon's attack. You block the balrug's attack.
You slice the balrug!! You freeze the balrug.
You kill the balrug!
The Council accepts your kill. You block the sun demon's attack.
You hit the sun demon. You freeze the sun demon.
You tail-slap the sun demon, but do no damage.
You bite the sun demon!
The sun demon is moderately wounded.
You block the sun demon's attack.
You chop the sun demon into pieces!!!
You kill the sun demon!
The Council accepts your kill. You block the reaper's attack.
You lunge at the reaper, in a flurry of attacks.
You slice the reaper!! You burn the reaper. You freeze the reaper.
Your tail-slap misses the reaper.
You bite the reaper, but do no damage.
The reaper is heavily wounded.
You slice the reaper!! You burn the reaper. You freeze the reaper.
You kill the reaper!
The Council accepts your kill.
No target in view!
No target in view!
What level of the Dungeon? (default 1, ? - help)
You see here a +1 demon whip of draining.
HP restored.
There is a stone staircase leading up here.
You climb upwards.
There is a stone staircase leading down here.
HP restored.
There is an escape hatch in the ceiling here.
A mysterious force pulls you upwards. The hatch slams shut behind you.
An Orb Guardian comes into view.
You lunge at the Orb Guardian, in a flurry of attacks.
You slash the Orb Guardian! You burn the Orb Guardian.
You freeze the Orb Guardian.
The Orb Guardian is moderately wounded.
You slice the Orb Guardian!! You burn the Orb Guardian!
You freeze the Orb Guardian.
Your tail-slap misses the Orb Guardian.
You bite the Orb Guardian.
The Orb Guardian is almost dead.
The Orb Guardian hits you but does no damage.
You slash the Orb Guardian! You burn the Orb Guardian.
You kill the Orb Guardian!
The Council accepts your kill.
There is a stone staircase leading up here.
The air is filled with shimmering golden clouds!
Sifu Yunchang says: The storm will not cease as long as you keep fighting, disciple!
Your muscles tense, ready for explosive movement...
Your supernatural speed expires.
Unknown command.
Unknown command.
There is a stone staircase leading up here.
Okay, then.
The heavenly storm settles.
The air is filled with shimmering golden clouds!
Sifu Lu Zhishen says: The storm will not cease as long as you keep fighting, disciple!
You can no longer summon a storm of heavenly clouds.
What level of the Dungeon? (default 2, ? - help)
You climb upwards.
There is a stone staircase leading down here.
You feel less exhausted.
There is an open door here.
The heavenly storm settles.
There is a large open door here.
There is a staircase leading out of the dungeon here.
The engine shudders to a halt.
You feel strangely empty.
b - the +8 Vampire's Tooth (weapon)
{megavamp} You are a creature with a mouth for a stomach.
You are studying Stealth and Shields.
Your movement speed is average.
Your attack delay is about 0.5 (and cannot be improved with additional weapon skill).
Your damage rating with the +8 Vampire's Tooth {megavamp} is about 18 (Base 4 x 140% (Dex) x 179% (Skill) + 8 (Ench)).
Your base attributes are Str 15, Int 11, Dex 26.
Unknown command.
You have escaped!

####.#.#.°°####...#.#
# #.#.##°######°##.#
# #...○..##°☼##....#
# ###.§☼°.☼○.○.°...#
#.§☼☼##○°##.°.##
#.##☼######'°##
#.#...####...#
#.#...#..'...#
#.#...#..'.W.#
###.#...#..#...#
####...#...#..#...#
......######..#####
####..#.......# .#
#..#.###.###
.###..#...#.#
......#####.#
.........##.#


There were no monsters in sight!

Vanquished Creatures
  the Royal Jelly (Slime:5)
  3 dread liches
  Frederick (Vaults:5)
  Khufu (Crypt:3)
  4 orbs of fire
  5 ancient liches
  The ghost of Plog the Wrestler, a master TrFi of Okawaru (Zot:4)
  The ghost of DispaterIsMyDaddy the Sorcerer, a master DsHW of Gozag (Depths:2)
  Josephina (Depths:4)
  Boris (Crypt:3)
  Bai Suzhen (Swamp:3)
  Parghit (Zot:1)
  4 curse toes
  10 Killer Klowns
  Saint Roka (Elf:3)
  Nikola (Swamp:4)
  10 golden dragons
  Jory (Crypt:3)
  A bone dragon (Crypt:3)
  Norris (Elf:2)
  2 profane servitors
  4 electric golems
  4 pandemonium lords
  A hellephant (Zig:5)
  Rupert (Lair:5)
  4 doom hounds
  Jorgrun (Elf:2)
  16 tentacled monstrosities
  4 Hell Sentinels
  2 walking earthen tomes (Depths:3)
  A walking crystal tome (Depths:3)
  Mlioglotl (Snake:3)
  Grunn (Zot:4)
  22 Orb Guardians
  A walking frostbound tome (Depths:2)
  6 liches
  3 walking divine tomes
  A sphinx (shapeshifter) (Zig:11)
  8 titans (Vaults:5)
  9 quicksilver dragons
  2 deep elf blademasters
  2 deep elf master archers (Elf:3)
  10 acid blobs
  Frances (Snake:1)
  An Executioner (Abyss:3)
  4 ancient champions
  7 sphinxes
  11 death cobs
  A shadow dragon (shapeshifter) (Zig:11)
  3 tentacled starspawn (Abyss:3)
  16 storm dragons
  6 tengu reavers
  The ghost of Maaleoru the Brawler, a journeyman TrBe of Trog (Snake:3)
  6 protean progenitors
  17 shadow dragons
  Donald (Vaults:1)
  4 thorn hunters
  A draconian knight (Zot:1)
  2 fenstrider witches
  The ghost of MrRush the Severer, a journeyman MiFi of Jiyva (Swamp:2)
  23 vault wardens
  2 quicksilver elementals (Zig:9)
  3 draconian shifters
  3 revenants
  3 draconian monks
  6 nagarajas
  8 azure jellies
  6 frost giants
  15 fire giants
  7 rockslimes
  The ghost of Dawnplanks the Devastator, an adept TeAE of Vehumet (Snake:2)
  10 deep elf sorcerers
  2 iron dragons
  A frost giant (shapeshifter) (Zig:11)
  An angel (WizLab)
  4 draconian scorchers (Zot:1)
  3 balrugs
  2 deep elf elementalists
  The ghost of Dega the Spry, an adept SpHu of Dithmenos (Swamp:3)
  A curse skull (Zig:3)
  7 orc warlords
  2 reapers
  3 cacodemons (Abyss:3)
  A caustic shrike skeleton (Crypt:3)
  6 formless jellyfish
  3 ghouls
  A draconian stormcaller (Abyss:3)
  23 ironbound preservers
  2 juggernaut skeletons
  20 stone giants
  4 spriggan defenders
  2 quicksilver oozes (Slime:5)
  9 ironbound thunderhulks
  20 very ugly things
  5 vampire knights
  9 deep elf demonologists
  5 green draconians
  7 eleionomae
  An eleionoma (shapeshifter) (Zig:8)
  A red draconian (Zot:1)
  3 black draconians
  13 deep elf death magi
  A lorocyproca (Depths:3)
  12 deep elf annihilators
  4 bunyips
  5 purple draconians
  4 yellow draconians
  3 war gargoyles
  16 dire elephants
  14 spark wasps
  6 eidola
  13 ettins
  3 white draconians
  2 blizzard demons
  2 crystal guardians
  18 jiangshi
  A green death (Depths:2)
  2 mummy priests (Crypt:3)
  3 deep elf high priests
  An iron golem (Zig:9)
  11 fire dragons
  A spectral spriggan (Crypt:3)
  2 entropy weavers
  5 great orbs of eyes
  5 shambling mangroves
  10 salamander tyrants
  15 ice dragons
  21 yaktaur captains
  2 catoblepae
  31 vault guards
  4 rakshasas
  12 spriggan air magi
  6 peacekeepers
  3 ironbound frosthearts
  23 hydras
  3 ogre magi
  22 centaur warriors
  A spriggan skeleton (Depths:2)
  7 death knights
  2 radroaches (Zot:3)
  17 alligators
  5 ghost crabs
  7 naga warriors
  11 two-headed ogres
  9 deep troll shamans (Depths:3)
  A sphinx skeleton (Vaults:5)
  12 anacondas
  5 boulder beetles
  7 tengu warriors
  5 death yaks
  4 orc high priests (Orc:2)
  6 shock serpents
  9 deep troll earth magi
  17 dancing weapons
  9 vampire magi
  3 occultists
  8 thrashing horrors
  4 crystal echidnas (Zig:9)
  6 deep elf knights
  9 spriggan berserkers
  11 naga sharpshooters
  8 sun demons
  2 soul eaters
  6 salamander mystics
  4 hell knights
  4 skysharks
  2 wretched stars (Abyss:3)
  Lodul (D:14)
  27 skeletal warriors
  10 goliath frogs
  6 iron trolls
  5 shadow wraiths
  5 flayed ghosts
  12 swamp dragons
  An orange crystal statue (Zig:2)
  An orb spider (shapeshifter) (Vaults:5)
  11 large abominations
  2 cherubim
  7 mana vipers
  2 death drakes (Swamp:3)
  5 spriggan druids
  5 naga ritualists
  60 deep trolls
  A spriggan simulacrum (Depths:4)
  11 deep elf archers
  An arcanist (Vaults:2)
  13 ironbound convokers
  5 glowing orange brains
  A shadow dragon zombie (Vaults:5)
  4 obsidian statues
  A harpy (shapeshifter) (D:15)
  6 bog bodies
  6 lindwurms
  6 harpies
  A swamp dragon (shapeshifter) (Zig:12)
  17 deep elf pyromancers
  10 phantasmal warriors
  A sphinx simulacrum (Depths:2)
  17 orc knights
  20 deep elf zephyrmancers
  2 anaconda skeletons (Crypt:2)
  11 necromancers
  4 lightning spires
  6 orc sorcerers
  45 ugly things
  4 oklob plants (Zot:2)
  20 moths of wrath
  7 manticores
  30 salamanders
  An iron dragon skeleton (Crypt:2)
  3 will-o-the-wisps
  7 shining eyes
  A guardian serpent (shapeshifter) (Lair:5)
  A stone giant zombie (Crypt:2)
  A stone giant skeleton (Crypt:1)
  A spectral centaur (Crypt:3)
  7 cyclopes
  3 worldbinders (Abyss:3)
  2 rust devils
  4 apocalypse crabs
  A meliai (shapeshifter) (D:13)
  2 formless jellyfish zombies
  An eye of devastation (shapeshifter) (Vaults:5)
  20 elephants
  7 guardian serpents
  41 black mambas
  2 toenail golems
  A frost giant skeleton (Crypt:1)
  19 vault sentinels
  3 eyes of devastation
  14 naga magi
  An ice statue (Zig:2)
  10 gargoyles
  8 cane toads
  A human zombie (Vaults:5)
  2 molten gargoyles (WizLab)
  5 smoke demons
  A storm dragon simulacrum (Depths:2)
  2 unseen horrors
  6 orange demons
  2 torpor snails (Lair:5)
  3 hellions
  58 yaktaurs
  2 rime drakes
  4 komodo dragons
  A yaktaur (shapeshifter) (Lair:5)
  3 kobold demonologists
  9 freezing wraiths
  2 golden dragon simulacra
  A bunyip simulacrum (Crypt:2)
  A human skeleton (Vaults:3)
  2 anaconda simulacra (IceCv)
  4 tengu conjurers
  2 trolls
  3 red devils (Volcano)
  A pale draconian skeleton (Crypt:1)
  2 ancient zymes (Abyss:3)
  7 guardian mummies (Crypt:3)
  A hellwing (Abyss:3)
  12 tyrant leeches
  A queen bee (shapeshifter) (Elf:3)
  3 polar bears
  2 merfolk (shapeshifter)
  19 hornets
  A tarantella (shapeshifter) (Vaults:5)
  A bloated husk (Swamp:1)
  4 raiju
  32 blink frogs
  2 glass eyes
  4 dream sheep (Lair:4)
  A dream sheep (shapeshifter) (Depths:2)
  2 tarantella zombies (Crypt:2)
  A hydra skeleton (Crypt:1)
  2 iron dragon simulacra (Depths:4)
  2 vampires
  A jumping spider (shapeshifter) (D:15)
  A stone giant simulacrum (Vaults:3)
  61 slime creatures
  A snapping turtle (shapeshifter) (Zig:11)
  3 water elementals
  22 spriggans
  6 air elementals
  5 shadows
  3 dire elephant simulacra (IceCv)
  A yak (shapeshifter) (Lair:5)
  2 wyverns
  2 ynoxinuls
  47 yaks
  46 small abominations
  14 wraiths
  Eustachio (D:4)
  9 starcursed masses (Abyss:3)
  A fire bat (D:12)
  9 golden eyes
  A human (shapeshifter) (Elf:2)
  3 steam dragons
  3 redbacks
  9 vampire mosquitoes
  14 basilisks
  2 fire elementals
  A neqoxec (Abyss:3)
  4 wargs
  A human (D:14)
  12 swamp worms
  4 chaos spawn
  Menkaure (D:5)
  31 nagas
  A swamp worm (shapeshifter) (Zig:8)
  An acid dragon (D:12)
  10 water moccasins
  2 hell hounds
  A glowing shapeshifter zombie (Vaults:5)
  A water nymph skeleton (Crypt:1)
  Duvessa (D:6)
  23 orc warriors
  A merfolk skeleton (Crypt:2)
  A hydra simulacrum (IceCv)
  7 swamp drakes
  A sky beast (shapeshifter) (Lair:5)
  A cane toad skeleton (Crypt:2)
  3 ice beasts
  A glowing shapeshifter skeleton (Vaults:3)
  25 laughing skulls
  4 black bears
  21 ogres
  15 boggarts
  22 wolves
  A snapping turtle skeleton (Crypt:2)
  3 phantoms
  15 centaurs
  A swamp dragon skeleton (Crypt:2)
  8 weeping skulls
  2 kobold brigands
  13 bullfrogs
  A brain worm (Abyss:3)
  A glowing shapeshifter simulacrum (Depths:4)
  4 necrophages (Crypt:3)
  A scorpion (D:3)
  2 gnoll sergeants
  7 earth elementals
  4 burial acolytes (Crypt:3)
  A salamander skeleton (Crypt:2)
  13 wights
  Dowan (D:6)
  A lindwurm simulacrum (IceCv)
  A polar bear zombie (Crypt:2)
  9 killer bees
  6 electric eels (Lair:2)
  3 bombardier beetles
  A crimson imp (Zot:2)
  A quasit (Abyss:3)
  3 hounds
  43 orc priests
  4 jellies
  A gnoll bouda (D:4)
  Natasha (D:4)
  An iguana (D:5)
  37 orc wizards
  14 hell rats
  7 adders
  4 river rats (D:11)
  13 gnolls
  4 shadow imps
  3 white imps
  3 ufetubi (D:7)
  An adder zombie (D:3)
  2 dart slugs
  2 ribbon worms (D:2)
  75 orcs
  10 endoplasms
  3 giant cockroaches
  13 hobgoblins
  2 jackals (D:5)
  5 quokkas
  8 ball pythons
  A ball python skeleton (D:3)
  A ball python zombie (D:3)
  3 frilled lizards
  13 goblins
  A goblin skeleton (Crypt:1)
  A jackal skeleton (D:3)
  10 kobolds
  A quokka zombie (D:3)
  5 rats
  2 aspiring fleshes
  3 spectral weapons
  2 starspawn tentacles (Abyss:3)
2625 creatures vanquished.

Vanquished Creatures (collateral kills)
  An Orb Guardian (Zot:5)
  2 deep elf pyromancers (Elf:1)
  A deep elf zephyrmancer (Elf:1)
4 creatures vanquished.

Vanquished Creatures (others)
  An ancient lich (Zig:12)
  Asterion (Snake:1)
  A stone giant (Zig:12)
  A very ugly thing (Depths:2)
  An ironbound thunderhulk (WizLab)
  A black draconian (Zot:1)
  A sphinx zombie (Depths:2)
  A naga warrior (Snake:4)
  A mana viper (Snake:1)
  A guardian serpent (Snake:4)
  A yaktaur (Vaults:1)
  A bloated husk (Swamp:3)
  3 swamp drakes (Swamp:4)
  An orc warrior (Elf:3)
  A boggart (Vaults:1)
  An orc (Elf:3)
  4 foxfires (Abyss:3)
  A lurking horror (Abyss:3)
  3 starspawn tentacles (Abyss:3)
26 creatures vanquished.

Grand Total: 2655 creatures vanquished

Notes
Turn   | Place    | Note
-------+----------+-------------------------------------------
     0 | D:5      | jagoly the Draconian Delver began the quest for the Orb.
     0 | D:5      | Reached XP level 1. HP: 19/19 MP: 1/1
     3 | D:5      | Identified the +10 falchion "Gifaun" {flame, rPois}
    45 | D:5      | Noticed a centaur
   119 | D:5      | Noticed a hound
   119 | D:5      | Noticed a kobold brigand
   165 | D:5      | Reached XP level 2. HP: 16/26 MP: 2/2
   514 | D:2      | Found an ornate altar of the Wu Jian Council.
   554 | D:1      | Found Feg Efix's Book Shop.
   573 | D:1      | Reached XP level 3. HP: 31/31 MP: 3/3
   684 | D:1      | Found Syesosuf's Weapon Shoppe.
   760 | D:1      | Found Reuv Geseg's Jewellery Emporium.
  1259 | D:2      | Became a worshipper of the Wu Jian Council
  1279 | D:2      | Noticed a walking earthen tome
  1282 | D:2      | Found Ajoinac's Book Shoppe.
  1282 | D:2      | Noticed a walking earthen tome
  1391 | D:2      | Reached XP level 4. HP: 38/38 MP: 4/4
  1674 | D:2      | Reached * piety under Wu Jian
  1911 | D:3      | Reached skill level 5 in Long Blades
  1973 | D:3      | Found a glowing golden altar of the Shining One.
  2113 | D:3      | Found a glowing silver altar of Zin.
  2149 | D:3      | Noticed a scorpion
  2160 | D:3      | Killed a scorpion
  2161 | D:3      | Reached XP level 5. HP: 33/45 MP: 5/5
  2353 | D:3      | Noticed a black bear
  2639 | D:3      | Killed a black bear
  2640 | D:3      | Reached XP level 6. HP: 47/51 MP: 6/6
  3221 | D:4      | Noticed Eustachio
  3239 | D:4      | Killed Eustachio
  3240 | D:4      | Reached skill level 5 in Stealth
  3240 | D:4      | Your scales start taking on an icy white colour.
  3240 | D:4      | Reached XP level 7. HP: 53/59 MP: 7/7
  3240 | D:4      | Gained mutation: Your flesh is cold resistant. (rC+) [White
                  | Draconian growth]
  3356 | D:4      | Reached ** piety under Wu Jian
  3475 | D:4      | Noticed Natasha
  3480 | D:4      | Killed Natasha
  3657 | D:5      | Noticed Menkaure
  3798 | D:5      | Reached skill level 5 in Fighting
  3798 | D:5      | Reached XP level 8. HP: 67/68 MP: 8/8
  4059 | D:5      | Killed Menkaure
  4614 | D:6      | Found a hazy altar of Hepliaklqana.
  4954 | D:6      | Noticed Duvessa
  4959 | D:6      | Killed Duvessa
  4976 | D:6      | Noticed Dowan
  4987 | D:6      | Killed Dowan
  5090 | D:7      | Reached XP level 9. HP: 68/77 MP: 9/9
  5100 | D:6      | Reached *** piety under Wu Jian
  5120 | D:7      | Found an ancient bone altar of Kikubaaqudgha.
  5133 | D:7      | Reached skill level 5 in Dodging
  5632 | D:7      | Found a staircase to the Ecumenical Temple.
  6077 | D:7      | Reached skill level 10 in Long Blades
  6640 | D:8      | Reached skill level 1 in Throwing
  6726 | D:8      | Found a flagged portal.
  6735 | Bailey   | Entered a bailey
  6834 | Bailey   | Reached XP level 10. HP: 85/88 MP: 10/10
  6841 | Bailey   | Reached **** piety under Wu Jian
  6989 | Bailey   | Noticed a two-headed ogre
  7022 | Bailey   | Killed a two-headed ogre
  7604 | D:8      | Noticed a two-headed ogre
  7616 | D:8      | Killed a two-headed ogre
  8466 | D:9      | Noticed a manticore
  8475 | D:9      | Killed a manticore
  8537 | D:9      | Reached XP level 11. HP: 82/94 MP: 11/11
  8670 | D:9      | Found a sparkling altar of Nemelex Xobeh.
  8706 | D:9      | Found a blossoming altar of Fedhas.
  8749 | D:9      | Found a staircase to the Orcish Mines.
  8829 | D:9      | Reached ***** piety under Wu Jian
  8886 | D:9      | Found an ornate altar of the Wu Jian Council.
  9465 | D:10     | Entered Level 10 of the Dungeon
  9486 | D:10     | Got Kikubaaqudgha's Catalogue of Lamentation
  9494 | D:10     | Noticed a boulder beetle
  9523 | D:10     | Found a bloodstained altar of Trog.
  9834 | D:10     | Found Fitut's Antique Armour Emporium.
  9837 | D:10     | Found Welag's Antique Weapon Emporium.
  9839 | D:10     | Found Wate's Distillery.
 10241 | D:10     | Killed a boulder beetle
 10371 | D:10     | Bought a translucent long sword for 280 gold pieces
 10371 | D:10     | Identified the +1 long sword "Hofutos" {flame, Int+3
                  | Stlth+} (You bought it in a shop on level 10 of the
                  | Dungeon)
 10383 | D:11     | Noticed a death yak
 10383 | D:11     | Noticed a death yak
 10383 | D:11     | Found a staircase to the Lair.
 10398 | D:11     | Noticed a death yak
 10410 | D:10     | Reached skill level 10 in Fighting
 10531 | D:10     | Killed a death yak
 10866 | D:11     | Noticed a centaur warrior
 11002 | D:11     | Killed a death yak
 11010 | D:11     | Killed a death yak
 11212 | D:11     | Noticed a boulder beetle
 11219 | D:11     | Killed a centaur warrior
 11504 | D:11     | Killed a boulder beetle
 11505 | D:11     | Reached XP level 12. HP: 78/112 MP: 12/12
 11521 | D:11     | Noticed a boulder beetle
 11527 | D:11     | Killed a boulder beetle
 12154 | D:10     | Bought a potion of invisibility for 128 gold pieces
 12154 | D:10     | Bought a potion of berserk rage for 80 gold pieces
 12190 | Lair:1   | Entered Level 1 of the Lair of Beasts
 12646 | Lair:1   | Reached skill level 1 in Shields
 13060 | Lair:1   | Identified the +1 short sword of the Caustic God {freeze,
                  | rPois rC- rCorr Int+6}
 13319 | Lair:2   | Noticed a catoblepas
 13443 | Lair:1   | Reached skill level 5 in Shields
 13485 | Lair:2   | Noticed an eight-headed hydra
 13492 | Lair:2   | Killed a five-headed hydra
 13726 | Lair:2   | Learned a level 2 spell: Blink
 13775 | Lair:2   | Killed a catoblepas
 13843 | Lair:2   | Found a staircase to the Snake Pit.
 14207 | Lair:2   | Reached XP level 13. HP: 84/118 MP: 13/13
 15930 | Lair:4   | Reached ****** piety under Wu Jian
 15978 | Lair:4   | Found a dark tunnel.
 16007 | Volcano  | Entered a volcano
 16578 | Lair:4   | Reached skill level 10 in Shields
 16695 | Lair:4   | You fall into a shaft and drop 1 floor!
 16695 | Lair:5   | Entered Level 5 of the Lair of Beasts
 16713 | Lair:5   | Noticed Rupert
 17764 | D:10     | Bought a pair of runed gloves for 157 gold pieces
 17902 | Orc:1    | Entered Level 1 of the Orcish Mines
 17924 | Orc:1    | Reached skill level 1 in Translocations
 18013 | Orc:1    | Noticed an ettin
 18020 | Orc:1    | Noticed an orc warlord
 18044 | Orc:1    | Killed an ettin
 18053 | Orc:1    | Killed an orc warlord
 18476 | Orc:2    | Entered Level 2 of the Orcish Mines
 18501 | Orc:1    | Reached XP level 14. HP: 72/126 MP: 14/14
 18674 | Orc:2    | Reached skill level 15 in Long Blades
 18909 | Orc:2    | Found a staircase to the Elven Halls.
 20136 | Orc:2    | Found Edolir's Vocational Training.
 20214 | Orc:2    | Found Ufap's Assorted Antiques.
 20214 | Orc:2    | Found Wani's Antique Weapon Shop.
 20215 | Orc:2    | Found Tyest's Antique Weapon Shop.
 20219 | Orc:2    | Found Jimnoar's Antique Armour Boutique.
 20255 | Orc:2    | Bought a crystal scimitar for 225 gold pieces
 20255 | Orc:2    | Identified the +6 scimitar "Ishyex" {freeze, +Blink rPois
                  | Str+6 Dex-5} (You bought it in a shop on level 2 of the
                  | Orcish Mines)
 20258 | Orc:2    | Bought a glowing black potion for 18 gold pieces
 20258 | Orc:2    | Bought a scroll labelled AMYIMPYIMI for 20 gold pieces
 20258 | Orc:2    | Bought a scroll labelled GONTUGI KIESSO for 20 gold pieces
 20719 | D:12     | Identified the +0 ring mail "Waex" {Str+2}
 21049 | D:12     | Found a shimmering altar of Xom.
 23702 | D:14     | Noticed Lodul
 24242 | D:14     | Found a gate to the Vaults.
 24246 | D:14     | Noticed an ironbound thunderhulk
 24266 | D:14     | Killed an ironbound thunderhulk
 24429 | D:14     | Found an ancient bone altar of Kikubaaqudgha.
 24489 | D:14     | Killed Lodul
 24558 | D:15     | Entered Level 15 of the Dungeon
 24638 | D:15     | Reached XP level 15. HP: 122/134 MP: 15/15
 24707 | D:15     | Reached skill level 10 in Stealth
 24832 | D:15     | Reached skill level 5 in Translocations
 25212 | D:15     | Reached skill level 10 in Dodging
 25278 | D:15     | Found a staircase to the Depths.
 26180 | Lair:2   | Found a staircase to the Swamp.
 26736 | Lair:5   | Reached skill level 1 in Evocations
 27138 | Lair:5   | Got Itroll's Introduction to Willworking
 27158 | Lair:5   | Learned a level 1 spell: Apportation
 27390 | Lair:5   | Found a corrupted altar of Lugonu.
 27390 | Lair:5   | Found a one-way gate to the infinite horrors of the Abyss.
 27608 | Lair:5   | Killed Rupert
 27736 | Lair:5   | Found a viscous altar of Jiyva.
 27736 | Lair:5   | Found a staircase to the Slime Pits.
 28164 | Snake:1  | Entered Level 1 of the Snake Pit
 28173 | Snake:1  | Reached skill level 5 in Evocations
 28193 | Snake:1  | Noticed Frances
 28201 | Snake:1  | Noticed Asterion
 28217 | Snake:1  | Killed Frances
 28231 | Snake:1  | Killed Asterion
 28232 | Snake:1  | Reached XP level 16. HP: 62/146 MP: 16/16
 28286 | Snake:1  | Found a glacial archway.
 28515 | IceCv    | Entered an ice cave
 28518 | IceCv    | Found a transporter.
 28537 | IceCv    | Found a transporter.
 28629 | Snake:1  | Identified the +5 acid dragon scales of Funkups {rCorr
                  | Stlth+}
 29140 | Snake:1  | Found Adwoexzy's Distillery.
 29142 | Snake:1  | Found Keis Fija's Distillery.
 29144 | Snake:1  | Found Losige's Jewellery Shop.
 29843 | Snake:1  | Reached skill level 15 in Fighting
 30308 | Snake:1  | Bought a potion of enlightenment for 70 gold pieces
 30417 | Snake:2  | Found a runed translucent door.
 30418 | Snake:2  | Found a shimmering altar of Xom.
 30418 | Snake:2  | Noticed Dawnplanks's ghost (adept TeAE)
 30430 | Snake:2  | Killed Dawnplanks's ghost
 31690 | Snake:3  | Reached skill level 15 in Shields
 32364 | Snake:3  | Noticed Mlioglotl
 32404 | Snake:3  | Reached skill level 1 in Shapeshifting
 32635 | Snake:3  | Found a runed translucent door.
 32640 | Snake:3  | Noticed Maaleoru's ghost (journeyman TrBe)
 32667 | Snake:3  | Killed Maaleoru's ghost
 33233 | Snake:3  | Killed Mlioglotl
 33246 | Snake:4  | Entered Level 4 of the Snake Pit
 33253 | Snake:4  | Reached XP level 17. HP: 153/158 MP: 17/17
 33530 | Orc:2    | Bought the +8 Vampire's Tooth {megavamp} for 1980 gold
                  | pieces
 33530 | Orc:2    | Found the +8 Vampire's Tooth {megavamp}
 33808 | Snake:4  | Reached skill level 5 in Shapeshifting
 34704 | Snake:4  | Noticed a quicksilver dragon
 34714 | Snake:4  | Killed a quicksilver dragon
 34724 | Snake:4  | Reached skill level 10 in Shapeshifting
 34754 | Snake:4  | Got a serpentine rune of Zot
 34891 | Snake:4  | Reached skill level 1 in Short Blades
 35127 | Snake:4  | Found Xiykhiu's Jewellery Boutique.
 35128 | Snake:4  | Found Kosouc's Book Shoppe.
 35128 | Snake:4  | Found Etezaug's Book Shoppe.
 35570 | Vaults:1 | Entered Level 1 of the Vaults
 35791 | Vaults:1 | Reached skill level 5 in Short Blades
 35947 | Vaults:1 | Noticed Donald
 35970 | Vaults:1 | Killed Donald
 35971 | Vaults:1 | Reached XP level 18. HP: 141/166 MP: 18/18
 36042 | Vaults:1 | Paralysed by a formless jellyfish for 1 turns
 37150 | Vaults:2 | Reached skill level 5 in Throwing
 38220 | Vaults:2 | Found a staircase to the Crypt.
 39134 | Vaults:3 | Reached XP level 19. HP: 154/172 MP: 19/19
 39663 | Vaults:4 | Reached skill level 10 in Throwing
 39663 | Vaults:4 | Reached skill level 10 in Evocations
 40576 | Vaults:4 | Noticed a dread lich
 40586 | Vaults:4 | Paralysed by a dread lich for 4 turns
 40868 | Elf:1    | Entered Level 1 of the Elven Halls
 41163 | Elf:1    | Found a shimmering blue altar of Sif Muna.
 41187 | Elf:1    | Got the Encyclopedia of Generation
 41677 | Elf:2    | Noticed Jorgrun
 41678 | Elf:2    | Killed Jorgrun
 41761 | Elf:2    | Reached XP level 20. HP: 182/182 MP: 20/20
 41764 | Elf:2    | Found a gateway to a bazaar.
 41769 | Elf:2    | Identified 3 scrolls of acquirement
 41776 | Elf:2    | Acquired a manual of Evocations
 41778 | Elf:2    | Acquired 719 gold pieces
 41780 | Elf:2    | Acquired 1150 gold pieces
 41882 | Elf:2    | Noticed Norris
 41886 | Elf:2    | Killed Norris
 41980 | Bazaar   | Entered a bazaar
 41980 | Bazaar   | Found Temuig's Magic Scroll Shop.
 41980 | Bazaar   | Found Biskih's Book Boutique.
 41980 | Bazaar   | Found Kaluibus's Magic Scroll Boutique.
 41980 | Bazaar   | Found Ixzemm's Antique Weapon Boutique.
 41980 | Bazaar   | Found Lag Cen's Weapon Shop.
 42000 | Bazaar   | Bought a scroll of blinking for 112 gold pieces
 42000 | Bazaar   | Bought a scroll of blinking for 112 gold pieces
 42000 | Bazaar   | Bought a scroll of teleportation for 45 gold pieces
 42008 | Bazaar   | Bought a scroll of teleportation for 27 gold pieces
 42008 | Bazaar   | Bought a scroll of teleportation for 27 gold pieces
 42008 | Bazaar   | Bought a scroll of revelation for 67 gold pieces
 42008 | Bazaar   | Bought a scroll of poison for 36 gold pieces
 42008 | Bazaar   | Bought a scroll of enchant armour for 67 gold pieces
 42016 | Bazaar   | Bought a scroll of fog for 60 gold pieces
 42016 | Bazaar   | Bought a scroll of fog for 60 gold pieces
 42016 | Bazaar   | Bought a scroll of fog for 60 gold pieces
 42350 | Snake:4  | Bought the amulet "Anoraenu" {Reflect +Inv Will+ Regen+
                  | rCorr SH+5} for 1104 gold pieces
 42486 | Swamp:1  | Entered Level 1 of the Swamp
 42622 | Swamp:1  | Found an opulent altar of Gozag.
 43315 | Swamp:2  | Found a runed translucent door.
 43316 | Swamp:2  | Noticed MrRush's ghost (journeyman MiFi)
 43743 | Swamp:2  | Reached XP level 21. HP: 193/193 MP: 21/21
 43924 | Swamp:3  | Found a transporter.
 43929 | Swamp:3  | Found a transporter.
 43929 | Swamp:3  | Noticed Dega's ghost (adept SpHu)
 44194 | Swamp:3  | Noticed Bai Suzhen
 44219 | Swamp:3  | Killed Bai Suzhen
 44380 | Swamp:4  | Entered Level 4 of the Swamp
 44514 | Swamp:4  | Noticed Nikola
 44535 | Swamp:4  | Killed Nikola
 44829 | Swamp:4  | Got a decaying rune of Zot
 45519 | Elf:2    | Found a runed translucent gate.
 45721 | Elf:2    | Paralysed by an air elemental for 1 turns
 45791 | Elf:2    | Found a runed translucent gate.
 45792 | Elf:2    | Found a runed translucent gate.
 45897 | Elf:3    | Entered Level 3 of the Elven Halls
 45945 | Elf:3    | Found a magical portal.
 45957 | WizLab   | Entered Maxwell's Workshop
 45999 | WizLab   | Found the +15 Maxwell's patent armour {-Cast -Tele rElec
                  | Will+ rCorr}
 46009 | WizLab   | Identified the ring of Jepunang {Fire +Blink rPois}
 46108 | WizLab   | Reached XP level 22. HP: 178/204 MP: 22/22
 46164 | WizLab   | Found the +2 Maxwell's thermic engine {flame, freeze, rev}
 46171 | WizLab   | Identified the +2 robe "Paong" {Rampage +Blink rPois Str-3}
 46192 | WizLab   | Identified the +2 whip of Division {freeze, rElec rC+
                  | Str+3}
 46193 | WizLab   | Identified the ring of Yredelemnul's Hope {rElec rC+ Int+2
                  | SInv}
 46402 | Elf:3    | Found Liepum's Antique Armour Shop.
 46429 | Elf:3    | Noticed Saint Roka
 46489 | Elf:3    | Killed Saint Roka
 47053 | Elf:3    | Identified the amulet "Kiddi" {Reflect Fly SH+5}
 47059 | Elf:3    | Identified the amulet "Rasyakhlos" {Regen+ Str-2 Dex+3
                  | Stlth+}
 47135 | Elf:3    | Identified the staff "Virphif" {Will+ Conj Necro}
 47178 | Elf:3    | Identified the staff of Dullness {rElec rN+ Necro}
 47216 | Elf:3    | Acquired 615 gold pieces
 47328 | Elf:3    | Identified the +0 ring mail of Todogy {^Drain rN++}
 47608 | Elf:3    | Bought a pair of steaming boots for 266 gold pieces
 47608 | Elf:3    | Identified the +0 pair of boots of Impermeability {Str+6}
                  | (You bought it in a shop on level 3 of the Elven Halls)
 47608 | Elf:3    | Bought an embroidered hat for 196 gold pieces
 47768 | Orc:2    | Bought a scroll of teleportation for 60 gold pieces
 48224 | Vaults:4 | Killed a dread lich
 48225 | Vaults:4 | Reached skill level 15 in Dodging
 48485 | Vaults:5 | Entered Level 5 of the Vaults
 48499 | Vaults:5 | Noticed an ancient lich
 48514 | Vaults:5 | Killed an ancient lich
 48585 | Vaults:5 | Reached XP level 23. HP: 215/215 MP: 23/23
 48662 | Vaults:5 | Identified the orb of Creativity {*channel, rPois}
 48662 | Vaults:5 | Noticed Frederick
 48670 | Vaults:5 | Killed Frederick
 48719 | Vaults:5 | Got a silver rune of Zot
 48901 | Vaults:5 | Identified the +8 flail of Vanity {speed, rElec Dex+4}
 49032 | Vaults:5 | Found Xisik's General Store.
 49120 | Vaults:5 | Identified the staff "Zeuhoraz" {Will+ Earth}
 49122 | Vaults:5 | Identified the +8 mace of Komirres {heavy, *Corrode Will-
                  | Dex+8 SInv}
 49367 | Vaults:5 | Identified the +4 mace of Wrath {venom, Int+3}
 49374 | Vaults:5 | Identified the ring "Useeghul" {*Corrode +Blink rC+ Will+++
                  | Int-5}
 49391 | Vaults:5 | Reached skill level 15 in Evocations
 49996 | Crypt:1  | Entered Level 1 of the Crypt
 50712 | Crypt:1  | Reached skill level 15 in Stealth
 50832 | Crypt:2  | Found a transporter.
 50836 | Crypt:2  | Noticed Teduw's ghost (veteran MiGl)
 50837 | Crypt:2  | Noticed an ancient lich
 50850 | Crypt:2  | Found a transporter.
 50855 | Crypt:2  | Noticed yalue's ghost (adept MiFi)
 51035 | Crypt:2  | Reached XP level 24. HP: 208/208 MP: 23/23
 51044 | Crypt:2  | Identified the +11 chain mail of Fashionability {rPois
                  | Regen+ Dex+4}
 51251 | Crypt:2  | Identified the +0 mace "Potiethue" {vamp, rPois rN+++
                  | Will-}
 51379 | Crypt:3  | Entered Level 3 of the Crypt
 51471 | Crypt:3  | Got the Commentary on Freezing
 51727 | Crypt:3  | Found an ancient bone altar of Kikubaaqudgha.
 51962 | Crypt:3  | Got Pyxerch's Discourse on the Mortuary
 52025 | Crypt:3  | Noticed Jory
 52031 | Crypt:3  | Noticed Boris
 52064 | Crypt:3  | Killed Jory
 52067 | Crypt:3  | Killed Boris
 52327 | Crypt:3  | Identified the ring "Meamnot" {rF+ rC+ MP+9 Str+3 Int+6}
 52352 | Crypt:3  | Identified the +11 orcbow of Weak Valiance {flame, rN++
                  | SInv}
 52395 | Crypt:3  | Found a staircase to the Tomb.
 52395 | Crypt:3  | Noticed Khufu
 52412 | Crypt:3  | Killed Khufu
 52838 | Snake:1  | Bought 2 potions of enlightenment for 140 gold pieces
 52838 | Snake:1  | Bought a potion of haste for 140 gold pieces
 52838 | Snake:1  | Bought a potion of curing for 42 gold pieces
 52850 | Snake:1  | Bought a potion of curing for 54 gold pieces
 52850 | Snake:1  | Bought a potion of curing for 54 gold pieces
 52850 | Snake:1  | Bought a potion of enlightenment for 90 gold pieces
 52850 | Snake:1  | Bought a potion of curing for 54 gold pieces
 52850 | Snake:1  | Bought a potion of haste for 180 gold pieces
 52850 | Snake:1  | Bought a potion of haste for 180 gold pieces
 52984 | Slime:1  | Entered Level 1 of the Pits of Slime
 53046 | Slime:5  | Entered Level 5 of the Pits of Slime
 53121 | Slime:5  | Noticed the Royal Jelly
 53140 | Slime:5  | Killed the Royal Jelly
 53189 | Slime:5  | Gained mutation: You are frail. (-10% HP) [a shining eye]
 53255 | Slime:5  | Got the Vellum of Puissant Flame
 53276 | Slime:5  | Got Itiuje's Disquisition on the Inflammable Anticline
 53285 | Slime:5  | Identified the ring of Tender Moments {Fly rF+ MP-9 Str+2}
 53287 | Slime:5  | Identified the +3 hand axe of the Blessed Realm {vamp, Fly}
 53305 | Slime:5  | Got the Folio of the Lofty Catalyst
 53311 | Slime:5  | Got the Treatise on the Excruciating Curse
 53322 | Slime:5  | Identified the +10 quarterstaff of Vengeance {heavy,
                  | +Blink}
 53336 | Slime:5  | Got a slimy rune of Zot
 53338 | Slime:5  | Got a starry gem with 276 turns to spare
 53343 | Slime:5  | Identified the +6 orcbow of Superiority {flame, rF+}
 53362 | Slime:5  | Identified the +4 plate armour of the Harp {Regen+ Int+3}
 53449 | Lair:5   | Acquired 441 gold pieces
 53450 | Lair:5   | Acquired the +0 pair of gloves of the Divine God {Str+6}
 54109 | Depths:1 | Entered Level 1 of the Depths
 54162 | Depths:1 | Identified the +2 hand axe of the Imperium {spect, rCorr
                  | Str+6 Int-5}
 54200 | Depths:1 | Found a shadowy altar of Dithmenos.
 54374 | Depths:1 | Found Owoxidak's Blood Bar.
 54424 | Depths:1 | Identified the +1 robe "Qeacveoq" {Rampage +Blink rN++
                  | Str-3}
 54574 | Depths:1 | Found a gateway to Hell.
 54759 | Abyss:2  | Cast into level 2 of the Abyss (a deep elf demonologist)
 54784 | Abyss:3  | Found a corrupted altar of Lugonu.
 55040 | Abyss:3  | Found a broken altar of Ashenzari.
 55151 | Abyss:3  | Found a broken altar of Ashenzari.
 55167 | Abyss:3  | Found a corrupted altar of Lugonu.
 55183 | Abyss:3  | Gained mutation: You sometimes lose your temper in combat.
                  | [a cacodemon]
 55216 | Abyss:3  | Got an abyssal rune of Zot
 55329 | Abyss:3  | Reached XP level 25. HP: 215/216 MP: 23/23
 55510 | Depths:2 | Escaped the Abyss
 55542 | Depths:2 | Lost mutation: You sometimes lose your temper in combat.
                  | [potion of mutation]
 55542 | Depths:2 | Lost mutation: You are frail. (-10% HP) [potion of
                  | mutation]
 55542 | Depths:2 | Gained mutation: You are partially covered in large bone
                  | plates. (SH +4) [potion of mutation]
 55601 | Depths:2 | Found Piers Shonks's Dragon-Slaying Spoils.
 55676 | Depths:2 | Found a transporter.
 55684 | Depths:2 | Noticed DispaterIsMyDaddy's ghost (master DsHW)
 55718 | Depths:2 | Found a transporter.
 55724 | Depths:2 | Found Isuxtaer's One-of-a-Kind Books.
 56509 | Depths:2 | Identified the +2 war axe of Gujow {venom, Int+3 Stlth+}
 56535 | Depths:2 | Found a one-way gate leading to the halls of Pandemonium.
 56662 | Depths:2 | Found Bagyaz's Magic Scroll Shoppe.
 56796 | Depths:2 | Killed DispaterIsMyDaddy's ghost
 58156 | Depths:4 | Entered Level 4 of the Depths
 58159 | Depths:4 | Reached XP level 26. HP: 253/253 MP: 23/23
 58197 | Depths:4 | Reached skill level 1 in Invocations
 58226 | Depths:4 | Identified the ring "Ter Wuaq" {Ice rElec Will+}
 58226 | Depths:4 | Noticed Josephina
 58257 | Depths:4 | Reached skill level 5 in Invocations
 58261 | Depths:4 | Killed Josephina
 58332 | Depths:4 | Found Meomeorr's Tiny Tomes.
 58403 | Depths:4 | Found a gate to the Realm of Zot.
 58573 | Depths:4 | Found a one-way gateway to a ziggurat.
 59112 | Zig:1    | Entered Level 1 of a ziggurat
 59112 | Zig:1    | Noticed Veqoklarphu the pandemonium lord
 59115 | Zig:1    | Killed Veqoklarphu the pandemonium lord
 59124 | Zig:2    | Entered Level 2 of a ziggurat
 59246 | Zig:3    | Entered Level 3 of a ziggurat
 59285 | Zig:4    | Entered Level 4 of a ziggurat
 59311 | Zig:4    | Identified the +6 hand axe of the Moon {spect, *Rage rN++
                  | Int+2}
 59314 | Zig:5    | Entered Level 5 of a ziggurat
 59325 | Zig:5    | Reached skill level 10 in Invocations
 59370 | Zig:6    | Entered Level 6 of a ziggurat
 59375 | Zig:6    | Noticed an ancient lich
 59400 | Zig:6    | Killed an ancient lich
 59421 | Zig:6    | Identified the +6 battleaxe "Killer Klown's Peril" {drain,
                  | rF- rN+ rCorr Stlth+}
 59426 | Zig:7    | Entered Level 7 of a ziggurat
 59435 | Zig:7    | Identified the +3 leather armour "Meups" {Dex+5 SInv
                  | Stlth-}
 59478 | Zig:8    | Entered Level 8 of a ziggurat
 59555 | Zig:8    | Got the Commentary on the Tundra
 59570 | Zig:8    | Identified the dragon-blood talisman of Twilight {rF++ rC+
                  | rCorr}
 59576 | Zig:9    | Entered Level 9 of a ziggurat
 59626 | Zig:9    | Reached XP level 27. HP: 232/261 MP: 33/33
 59627 | Zig:9    | Identified the +10 mace of Dismemberment {protect, rF+ rN+}
 59628 | Zig:9    | Identified the ring "Ucishoel" {^Contam rF+++ rC+++ Str+6
                  | Int-4}
 59631 | Zig:9    | Got the Handbook of the Lethal Elixir
 59650 | Zig:10   | Entered Level 10 of a ziggurat
 59671 | Zig:10   | Paralysed by an air elemental for 1 turns
 59691 | Zig:10   | Identified the +0 plate armour of Ru's Whim {rN+ Str+2}
 59692 | Zig:10   | Identified the +1 plate armour of the Pastamancer {Rampage
                  | rF+ rN++ rCorr}
 59696 | Zig:10   | Got Pet Qer's Mysticism, and How To Use It
 59705 | Zig:11   | Entered Level 11 of a ziggurat
 59710 | Zig:11   | Noticed Qigosch the pandemonium lord
 59712 | Zig:11   | Noticed Mach the pandemonium lord
 59712 | Zig:11   | Noticed Citraal the pandemonium lord
 59722 | Zig:11   | Killed Qigosch the pandemonium lord
 59723 | Zig:11   | Reached skill level 15 in Invocations
 59731 | Zig:11   | Killed Mach the pandemonium lord
 59746 | Zig:11   | Killed Citraal the pandemonium lord
 59759 | Zig:11   | Identified the ring "Xaurer" {^Contam rElec rN+ rCorr
                  | Str+6}
 59799 | Zig:11   | Identified the staff "Newtslayer" {Will+ Str+4 Int+3 Dex+2
                  | Earth}
 59805 | Zig:11   | Identified the +1 trident of Doom {freeze, ^Contam rN+
                  | Str-5 Dex+7}
 59899 | Zig:12   | Entered Level 12 of a ziggurat
 59909 | Zig:12   | Noticed an ancient lich
 59912 | Zig:12   | Noticed a dread lich
 59912 | Zig:12   | Noticed an ancient lich
 59921 | Zig:12   | Killed an ancient lich
 59925 | Zig:12   | Killed an ancient lich
 59928 | Zig:12   | Killed a dread lich
 59945 | Zig:12   | Identified the +4 shortbow "Lereaced" {freeze, rCorr Str+3
                  | Dex+3}
 59946 | Zig:12   | Identified the +9 hand axe "Killer Klown's Foe" {spect,
                  | rPois Str+5 Dex+3 Stlth-}
 59970 | Zig:13   | Entered Level 13 of a ziggurat
 60032 | Zig:13   | Identified the ring of Xyej {rC+ Int+3 Dex+3}
 60518 | Swamp:3  | Killed Dega's ghost
 60615 | Swamp:2  | Killed MrRush's ghost
 60905 | Zot:1    | Entered Level 1 of the Realm of Zot
 61138 | Zot:1    | Noticed Parghit
 61140 | Zot:1    | Killed Parghit
 61544 | Zot:1    | Found an ancient bone altar of Kikubaaqudgha.
 62144 | Zot:2    | Identified the orb of Soann {*channel, Stlth+ Tloc}
 62640 | Zot:3    | Noticed an orb of fire
 62657 | Zot:3    | Gained mutation: You occasionally lose the ability to read
                  | scrolls when taking damage. [an orb of fire]
 62658 | Zot:3    | Killed an orb of fire
 62886 | Zot:3    | Found a burning altar of Makhleb.
 63581 | Zot:4    | Found a runed translucent door.
 63582 | Zot:4    | Found a shimmering altar of Xom.
 63582 | Zot:4    | Noticed Plog's ghost (master TrFi)
 63712 | Zot:4    | Noticed Grunn
 63727 | Zot:4    | Killed Grunn
 64365 | Zot:4    | Killed Plog's ghost
 64376 | Zot:4    | Identified the +9 battleaxe "Amihoj" {venom, *Corrode
                  | Int+3}
 64407 | Zot:5    | Entered Level 5 of the Realm of Zot
 64409 | Zot:5    | Noticed an ancient lich
 64409 | Zot:5    | Noticed an ancient lich
 64409 | Zot:5    | Noticed an orb of fire
 64409 | Zot:5    | Noticed a dread lich
 64409 | Zot:5    | Gained mutation: You have hidden genetic defects. [an orb
                  | of fire]
 64410 | Zot:5    | Gained mutation: You sometimes lose the ability to read
                  | scrolls when taking damage. [an orb of fire]
 64412 | Zot:5    | Gained mutation: Your body sometimes deteriorates upon
                  | taking damage. [an orb of fire]
 64415 | Zot:5    | Noticed an orb of fire
 64432 | Zot:5    | Gained mutation: You are frail. (-10% HP) [an orb of fire]
 64445 | Zot:5    | Lost mutation: You sometimes lose the ability to read
                  | scrolls when taking damage. [potion of mutation]
 64445 | Zot:5    | Lost mutation: You have hidden genetic defects. [potion of
                  | mutation]
 64445 | Zot:5    | Lost mutation: You occasionally lose the ability to read
                  | scrolls when taking damage. [potion of mutation]
 64445 | Zot:5    | Lost mutation: You are frail. (-10% HP) [potion of
                  | mutation]
 64445 | Zot:5    | Gained mutation: You have sharp toenails. [potion of
                  | mutation]
 64445 | Zot:5    | Gained mutation: You are agile. (Dex +4, Str/Int -1)
                  | [potion of mutation]
 64467 | Zot:5    | Killed an ancient lich
 64605 | Zot:5    | Noticed an orb of fire
 64624 | Zot:5    | Gained mutation: Your magical capacity is low. (-10% MP)
                  | [an orb of fire]
 64629 | Zot:5    | Killed an orb of fire
 64636 | Zot:5    | Identified the +1 spear of Limis {speed, rF+ rC+ Will++}
 65051 | Zot:5    | Gained mutation: You sometimes lose your temper in combat.
                  | [an orb of fire]
 65070 | Zot:5    | Killed an orb of fire
 65163 | Zot:5    | Lost mutation: You are agile. (Dex +4, Str/Int -1) [potion
                  | of mutation]
 65163 | Zot:5    | Lost mutation: You have sharp toenails. [potion of
                  | mutation]
 65163 | Zot:5    | Lost mutation: You sometimes lose your temper in combat.
                  | [potion of mutation]
 65163 | Zot:5    | Gained mutation: You have hidden genetic defects. [potion
                  | of mutation]
 65163 | Zot:5    | Gained mutation: You occasionally shout uncontrollably at
                  | your foes. [potion of mutation]
 65163 | Zot:5    | Gained mutation: You passively map a small area around you.
                  | [potion of mutation]
 65163 | Zot:5    | Gained mutation: You passively map the area around you.
                  | [potion of mutation]
 65164 | Zot:5    | Lost mutation: You have hidden genetic defects. [potion of
                  | mutation]
 65164 | Zot:5    | Lost mutation: You occasionally shout uncontrollably at
                  | your foes. [potion of mutation]
 65164 | Zot:5    | Gained mutation: You have sharp toenails. [potion of
                  | mutation]
 65164 | Zot:5    | Gained mutation: Your tail ends in a venomous barb. [potion
                  | of mutation]
 65212 | Zot:5    | Killed an ancient lich
 65293 | Zot:5    | Gained mutation: You are frail. (-10% HP) [an orb of fire]
 65297 | Zot:5    | Gained mutation: You are very frail. (-20% HP) [an orb of
                  | fire]
 65303 | Zot:5    | Killed an orb of fire
 65388 | Zot:5    | Lost mutation: You are partially covered in large bone
                  | plates. (SH +4) [potion of mutation]
 65388 | Zot:5    | Lost mutation: Your body sometimes deteriorates upon taking
                  | damage. [potion of mutation]
 65388 | Zot:5    | Gained mutation: Your flesh is very cold resistant. (rC++)
                  | [potion of mutation]
 65388 | Zot:5    | Lost mutation: You passively map the area around you.
                  | [potion of mutation]
 65388 | Zot:5    | Gained mutation: You have sharp fingernails. [potion of
                  | mutation]
 65388 | Zot:5    | Gained mutation: Your flesh is heat resistant. (rF+)
                  | [potion of mutation]
 65667 | Zot:5    | Killed a dread lich
 65703 | Zot:5    | Got the Orb of Zot
 65815 | Zot:2    | Noticed Lugegh the pandemonium lord
 65823 | Zot:2    | Paralysed by you for 1 turns
 66378 | D:$      | Escaped with the Orb!

Illustrated notes

Levels and vault maps discovered:
D:1:      dpeg_arrival_houses_and_road, layout_basic, serial_shops, shop,
          nicolae_shop_advertising_works [nicolae_subvault_shop_adworks], shop
D:2:      cheibrodos_greedy_goblins, layout_loops_ring, basic_altar,
          serial_shops, nicolae_shop_mannequins, minmay_tetromino_i2
D:3:      layout_basic, tso_oasis_becter, lemuel_doored_altar, serial_undead,
          serial_undead_a, serial_undead_e, serial_undead_f, serial_undead_b,
          minmay_crystal_water
D:4:      layout_gridville, uniq_natasha, uniq_eustachio
D:5:      layout_loops_cross, kennysheep_generic_room_4, uniq_menkaure
D:6:      layout_loops_cross, general_overflow_altar, kennysheep_path_1,
          uniq_duvessa
D:7:      layout_basic, old_standard_altar, minmay_temple_entry_slanted,
          serial_demonic, serial_demonic_a, serial_demonic_b, serial_demonic_g,
          serial_demonic_d, serial_demonic_g
D:8:      layout_loops_corners, enter_bailey_2
D:9:      layout_basic, nzn_wu_jian_council_hall,
          mainiacjoe_overflow_six_doors_small, mainiacjoe_overflow_24_doors,
          minmay_orc_entry_guard_dogs
D:10:     layout_cave_pools, trog_ov_bears_minmay,
          nicolae_shop_distant_corner_stores, kennysheep_generic_room_12
D:11:     layout_rooms, dpeg_lair_monsters, corexii_checkpoint
D:12:     layout_gridville, moated_statue, regret_index_xom_of_box
D:13:     layout_layer_cave, minmay_misc_feat_diagonals
D:14:     layout_stronghold, hellmonk_vaults_keyhole, minmay_misc_feat_rugged,
          fountainhead, kiku_gazebo_garden_becter, uniq_lodul
D:15:     hangedman_depths_entry_civil_slaughter, layout_irregular_city,
          serial_park_paths [serial_park_minivault_5x5_3], corexii_corridor_pit
Lair:1:   layout_regular_city, serial_bayou_pond_d, grunt_megastairs_5
Lair:2:   layout_gridlike, minmay_swamp_entry_worms,
          minmay_snake_entry_guardpost_small, serial_bayou_lake_a
Lair:3:   layout_cave_shapes, nicolae_quartered_pool_medium, lemuel_fruit_tree
Lair:4:   layout_regular_city, nicolae_volcano_entry_lava_flow
Lair:5:   hellmonk_lair_end_abyssal_woods, layout_regular_city, slime_entry_2,
          kilobyte_rumbling_trees, uniq_rupert
Swamp:1:  layout_falls_marsh, nicolae_swamp_round_clearing, swamp_pool_1_2,
          nicolae_swamp_godswood, nicolae_swamp_snake_nest,
          infiniplex_staircase_pool_2
Swamp:2:  nicolae_swamp_ascending_descending_big, layout_basic_swamp,
          ebering_ghost_inner_flame, serial_swamp_ruin,
          evilmike_swamp_ruin_house_2, evilmike_swamp_ruin_house_3
Swamp:3:  layout_falls_marsh, gammafunk_ghost_arena,
          evilmike_swamp_ruin_house_6, uniq_bai_suzhen
Swamp:4:  swamp_alternative, layout_basic_swamp, uniq_nikola
Snake:1:  cheibrodos_snake_lava_hold, layout_misc_corridors,
          portal_ice_cave_entry_ugly_swarm, grunt_ministairs_2,
          minmay_shop_star, uniq_asterion, uniq_frances
Snake:2:  layout_layer_cave, ebering_ghost_xom, nicolae_integral_box
Snake:3:  layout_rooms, ebering_ghost_reflecting_pool, st_stairs_8,
          uniq_mlioglotl
Snake:4:  hellmonk_snake_rune_quicksilver_temple, layout_cave_town,
          serial_bayou_shore_b, minmay_shop_grove, serial_bayou_shore_b
Slime:1:  layout_caves, nicolae_slime_barrier
Slime:2:  layout_caves
Slime:3:  layout_caves
Slime:4:  layout_caves, nicolae_slime_getting_an_eyeful
Slime:5:  slime_pit_nicolae_jellycorners
Orc:1:    layout_diamond_mine
Orc:2:    st_orc_mages, layout_diamond_mine, nicolae_shop_vocational
Elf:1:    nicolae_elf_arrival_no_cutting_in_line, layout_loops_cross,
          basic_altar, minmay_elf_demonology
Elf:2:    nicolae_elf_blades_crystal_corner, layout_onion_city, serial_shops,
          statue_bzr, uniq_jorgrun, uniq_azrael, uniq_norris
Elf:3:    grunt_elf_hall_branching, layout_loops_corners, mu_enter_wizlab_5,
          serial_shops, shop, dreamdust_mushroom_princess, nicolae_elf_w_pinch,
          uniq_saint_roka
Vaults:1: hangedman_vaults_unwind, nicolae_vaults_little_squares_6,
          grunt_vaults_trifunnel, vaults_dpeg_encased_lava,
          nicolae_vaults_trapezoid_4, v_misc_27, grunt_vaults_hallway_short,
          nicolae_vaults_tetromino_Z_1, vaults_room_hangedman_quadrants,
          ontoclasm_vaults_loading_screen, nicolae_vaults_tetromino_Z_1,
          layout_vaults_big_room, uniq_donald
Vaults:2: hangedman_vaults_locks, blue_anna_dwarven_crypt,
          vaults_room_door_ring, vaults_room_stairs_pillars, vaults_dpeg_ring,
          nicolae_vaults_circle_grid_b, vaults_mumra_minichess,
          nicolae_vaults_diamond_1, layout_vaults_quadrants
Vaults:3: nicolae_vaults_bisected_inception, ontoclasm_vaults_eye,
          hangedman_vaults_corner_blocks, vaults_standard_mumra_lines,
          nicolae_vaults_trapezoid_2, vaults_room_guarded_vault,
          nicolae_vaults_variable_pillar_hall, nicolae_vaults_angled_halls,
          nicolae_vaults_border_crossing, v_pattern_3,
          hangedman_vaults_stretched_pinwheel, nicolae_vaults_surprise_closet,
          layout_vaults_omnibox
Vaults:4: nicolae_vaults_house_1, nicolae_vaults_six-pack,
          ontoclasm_vaults_hangar, vaults_room_ringed_pool,
          nicolae_vaults_network_star, vaults_room_boxed,
          serial_library_hellmonk_angled_corner,
          nicolae_vaults_you_can_take_it_with_you, hangedman_vaults_restitches,
          grunt_vaults_hallway_short, ontoclasm_vaults_ring_small,
          vaults_room_stairs_pillars, nicolae_vaults_house_3,
          vaults_standard_mumra_enter_the_diamond, layout_vaults_maze_snakey
Vaults:5: uniq_frederick
Crypt:1:  layout_misc_corridors, roderic_lattice_octagonal_star
Crypt:2:  layout_misc_corridors, nzn_ghost_randoct
Crypt:3:  grunt_crypt_end_deaths_head, uniq_boris, uniq_jory
Depths:1: layout_honeycomb, lemuel_crystal_altar, hangedman_coc_ice_floe,
          guppyfry_shop_blood
Depths:2: hangedman_cross_veins, layout_gridlike, gammafunk_ghost_arena,
          nrook_campfire, rand_demon_pan_entry_1, serial_shops,
          nicolae_shop_peninsula, nicolae_abyss_entry_one_way_or_another,
          grunt_hell_entry_dis_mu, nicolae_rare_books, nicolae_shop_dragon_depot
Depths:3: nzn_winding_woodlands_medium [nzn_winding_woodlands_5x5_default,
          nzn_winding_woodlands_5x15_pockets,
          nzn_winding_woodlands_5x5_open_star,
          nzn_winding_woodlands_5x5_perimeter,
          nzn_winding_woodlands_center_garden,
          nzn_winding_woodlands_5x5_checkerboard,
          nzn_winding_woodlands_5x5_default,
          nzn_winding_woodlands_5x15_longhouse,
          nzn_winding_woodlands_5x5_closed_star], layout_basic, hell_entry,
          abyss_entry, grunt_pan_entry_in_and_out,
          minmay_fractal_squares_gapless_7
Depths:4: grunt_zot_entry_alcove, layout_cave_shapes, enter_ziggurat_e,
          pf_hell_entry_great_geh, minmay_misc_feat_tiny,
          nicolae_shop_i_like_small_books_too, uniq_josephina
Zot:1:    layout_gridlike, regret_index_zotdec_golden_two_three,
          grunt_ministairs_2, regret_index_zotdec_carving_tricks, uniq_parghit
Zot:2:    evilmike_crystal_ball_defense, layout_twisted_circle
Zot:3:    layout_gridlike, regret_index_zotdec_demonic_mixed, zot_minivault_4
Zot:4:    layout_gridlike, regret_index_zotdec_glowing_original,
          ebering_ghost_xom, uniq_grunn
Zot:5:    layout_misc_corridors, skrybe_zot_glass_2, grunt_megastairs_2

Skill      XL: |  1  2  3  4  5  6  7  8  9 10 11 12 13 14 15 16 17 18 19 20 21 22 23 24 25 26 27 |
---------------+----------------------------------------------------------------------------------+-----
Long Blades    | 3 4 5 6 7 9 11 14 16 | 16.0
Dodging        | 2 3 4 6 8 9 11 12 13 14 15 16 17 18 | 18.0
Fighting       | 4 5 6 7 8 12 14 16 17 18 20 22 24 | 24.0
Stealth        | 5 8 9 10 11 12 15 16 | 16.0
Throwing       | 2 8 10 11 12 13 | 13.7
Shields        | 7 12 13 15 16 18 20 22 | 22.0
Translocations | 2 4 5 6 7 8 |  8.0
Evocations     | 5 8 10 11 16 18 | 18.0
Shapeshifting  | 4 10 | 10.0
Short Blades   | 7 9 |  9.7
Invocations    | 14 24 | 24.1

Action                     |  1- 3 |  4- 6 |  7- 9 | 10-12 | 13-15 | 16-18 | 19-21 | 22-24 | 25-27 || total
---------------------------+-------+-------+-------+-------+-------+-------+-------+-------+-------++-------
  Melee: Falchion          |    43 |    77 |   132 |   464 |   989 |   413 |       |       |       ||  2118
         Punch             |     1 |     1 |     2 |    64 |    15 |       |       |       |       ||    83
         Tailslap          |       |     3 |    12 |   107 |   375 |   750 |   549 |   762 |  1272 ||  3830
         Dagger            |       |       |     4 |     7 |       |       |       |       |       ||    11
         Short sword       |       |       |       |   234 |  1044 |   260 |       |       |       ||  1538
         Great sword       |       |       |       |       |    24 |       |       |       |       ||    24
         Scimitar          |       |       |       |       |     4 |       |       |       |       ||     4
         Quick blade       |       |       |       |       |       |  3265 |  2722 |  2346 |  5064 || 13397
         Maw               |       |       |       |       |       |   849 |  1033 |  1293 |  1931 ||  5106
         Double sword      |       |       |       |       |       |       |       |  1100 |   735 ||  1835
         Unarmed           |       |       |       |       |       |       |       |       |    21 ||    21
   Fire: Sling             |    24 |    60 |     1 |       |       |       |       |       |       ||    85
         Shortbow          |       |       |    75 |       |       |       |       |       |       ||    75
  Throw: Dart              |       |    11 |    32 |    72 |    51 |     5 |     1 |     1 |       ||   173
         Stone             |       |     2 |     4 |    39 |    18 |       |       |       |       ||    63
         Boomerang         |       |       |       |     6 |     5 |    22 |    16 |    30 |   116 ||   195
         Javelin           |       |       |       |       |       |       |       |       |     5 ||     5
   Cast: Apportation       |       |       |       |       |       |     2 |       |       |     5 ||     7
         Blink             |       |       |       |       |       |     2 |     1 |     4 |    14 ||    21
 Invoke: Serpent's Lash    |       |       |     1 |     4 |     6 |     7 |     1 |     2 |     6 ||    27
         Heavenly Storm    |       |       |       |     1 |     6 |     1 |     2 |     4 |     9 ||    23
Ability: Lunge             |     1 |     9 |    29 |    92 |   130 |   152 |   115 |   168 |   209 ||   905
         Whirlwind         |       |     1 |     6 |    86 |   692 |   984 |   428 |   913 |  1348 ||  4458
         Breathe Frost     |       |       |     1 |     3 |     3 |     1 |     1 |       |     2 ||    11
         Wall Jump         |       |       |       |     2 |     2 |     6 |       |     2 |       ||    12
         Evoke Blink       |       |       |       |       |       |       |       |     1 |       ||     1
  Evoke: Lightning rod     |       |       |       |       |     6 |       |       |       |       ||     6
         Phial of floods   |       |       |       |       |     1 |       |     1 |       |       ||     2
         Wand              |       |       |       |       |       |     2 |     1 |     4 |    12 ||    19
         Box of beasts     |       |       |       |       |       |     1 |     1 |       |     1 ||     3
         Tin of tremorston |       |       |       |       |       |       |       |     4 |     2 ||     6
         Phantom mirror    |       |       |       |       |       |       |       |       |     1 ||     1
    Use: Scroll            |     1 |       |     4 |     6 |    14 |     9 |    12 |     7 |    35 ||    88
         Potion            |       |       |       |     4 |     5 |     2 |     4 |    12 |    39 ||    66
   Stab: Sleeping          |     7 |     2 |     6 |    13 |    23 |    41 |    68 |    45 |    57 ||   262
         Distracted        |       |       |       |     1 |     6 |     1 |     4 |    16 |    11 ||    39
         Invisible         |       |       |       |       |       |       |       |       |     3 ||     3
 Armour: Skin              |    18 |    33 |    71 |   252 |   577 |   531 |   283 |   377 |   578 ||  2720
  Dodge: Dodged            |    15 |    27 |    72 |   285 |   751 |   658 |   423 |   534 |   729 ||  3494
  Block: Kite shield       |       |       |       |       |   693 |  1272 |   747 |   421 |       ||  3133
         Reflection        |       |       |       |       |       |    96 |    49 |    47 |    58 ||   250
         Tower shield      |       |       |       |       |       |       |       |  1063 |  2501 ||  3564
   Form: Maw               |       |       |       |       |       |     1 |       |       |       ||     1

Table legend: (Time is in decaauts)
 A = Elapsed time spent in this place.
 B = Non-inter-level travel time spent in this place.
 C = Inter-level travel time spent in this place.
 D = Time resting spent in this place.
 E = Time spent auto-exploring this place.
 F = Levels seen in this place.
 G = Mean time per level.
                   A        B        C        D        E       F      G
               +--------+--------+--------+--------+--------+-----+--------+
         Total |  65045 |  57285 |   7760 |   5031 |  33465 |  75 |  867.3 |
       Dungeon |  18697 |  15911 |   2786 |   1336 |  10018 |  15 | 1246.5 |
          Lair |   8028 |   6816 |   1212 |    772 |   4031 |   5 | 1605.6 |
         Swamp |   3100 |   2811 |    289 |      0 |   1881 |   4 |  775.0 |
     Snake Pit |   6958 |   6193 |    765 |    969 |   3679 |   4 | 1739.5 |
    Slime Pits |    430 |    426 |      4 |     25 |      0 |   5 |   86.0 |
  Orcish Mines |   2730 |   2125 |    605 |    412 |   1085 |   2 | 1365.0 |
   Elven Halls |   3266 |   2577 |    689 |    175 |   1678 |   3 | 1088.7 |
        Vaults |   6972 |   6365 |    607 |    358 |   3826 |   5 | 1394.4 |
         Crypt |   2585 |   2475 |    110 |     74 |   1412 |   3 |  861.7 |
        Depths |   4554 |   4092 |    462 |    202 |   2573 |   4 | 1138.5 |
           Zot |   4751 |   4522 |    229 |    202 |   2942 |   5 |  950.2 |
         Abyss |    718 |    718 |      0 |     17 |      0 |   2 |  359.0 |
      Ziggurat |    865 |    865 |      0 |    183 |    118 |  13 |   66.5 |
        Bazaar |     42 |     42 |      0 |      0 |     16 |   1 |   42.0 |
        Bailey |    507 |    507 |      0 |    111 |     58 |   1 |  507.0 |
      Ice Cave |     39 |     39 |      0 |      0 |      0 |   1 |   39.0 |
       Volcano |    391 |    391 |      0 |    192 |      0 |   1 |  391.0 |
        Wizlab |    403 |    403 |      0 |      0 |    143 |   1 |  403.0 |
               +--------+--------+--------+--------+--------+-----+--------+

Top non-repeatable levels by time:
  Lair:2: 2047 daAuts
 Snake:1: 2020 daAuts
 Snake:2: 1797 daAuts
Vaults:2: 1754 daAuts
    D:13: 1702 daAuts
    D:10: 1681 daAuts
  Lair:1: 1681 daAuts
  Lair:5: 1634 daAuts
 Snake:4: 1582 daAuts
    D:14: 1568 daAuts
 Snake:3: 1557 daAuts
     D:7: 1513 daAuts
    D:11: 1511 daAuts
Depths:2: 1491 daAuts
Vaults:1: 1449 daAuts
